 Dungeon Crawl Stone Soup version 0.32-a0-816-g4c8b870 (webtiles) character file.

Game seed: 2646241464883831195

10874365 sasameki the Archmage (level 27, 273/273 HPs)
             Began as a Barachi Conjurer on Mar 13, 2024.
             Was the Champion of Vehumet.
             Escaped with the Orb
             ... and 15 runes on Mar 23, 2024!
             The game lasted 17:18:08 (154933 turns).

sasameki the Archmage (Barachi Conjurer)          Turns: 154933, Time: 17:18:08

Health: 273/273    AC: 10    Str: 11    XL:     27
Magic:  54/54      EV: 27    Int: 47    God:    Vehumet [******]
Gold:   9213       SH:  0    Dex: 16    Spells: 1/80 levels left

rFire   + + +        D - staff of Sunlight {rElec rPois Str+2 Int+4 SInv Air}
rCold   + . .        A - orb "Jeudom" {light, +Blink rF+++ Dex-3 Air}
rNeg    + . .        h - +1 robe of Boredom {rPois Archmagi}
rPois   +            k - -2 hat of the Alchemist {rElec rPois rF+ rC+ rN+ Will+ rMut rCorr}
rElec   +            G - +0 cloak of Exclusion {rElec rC+ Will+ Str+3}
rCorr   +            o - +1 pair of gloves "Cyheonus" {Regen+}
SInv    +            T - +2 pair of boots of Penle {rF+ Str-4 Int+5}
Will    ++++.        a - amulet of Vitality {Regen++ RegenMP++}
Stlth   +            v - ring of the Villain {rElec rPois rF- Int+6 Dex+3}
HPRegen 3.05/turn    c - ring of the Lost Nightcaps {Fire Int+3 Dex+3 Stlth+}
MPRegen 1.14/turn

%: resist mutation, archmagi
@: unable to hop, hasted (expiring), glowing, studying 6 skills, quick
A: amphibious, slowness 1, strong legs 2, +LOS, see invisible, robust 1
0: Orb of Zot
}: 15/15 runes: decaying, serpentine, slimy, silver, golden, iron, obsidian,
icy, bone, abyssal, demonic, glowing, magical, fiery, dark
a: Hop, Renounce Religion, Evoke Blink


You escaped.
You worshipped Vehumet.
Vehumet was exalted by your worship.
You visited 18 branches of the dungeon, and saw 88 of its levels.
You visited Pandemonium 3 times, and saw 24 of its levels.
You visited the Abyss 1 time.
You completed 1 ziggurat, and saw 27 of its levels.
You also visited: Gauntlet, Ice Cave and Wizlab.

You collected 18568 gold pieces.
You spent 9355 gold pieces at shops.

Inventory:

Missiles
 y - 4 throwing nets {!f}
 z - 5 atropa-tipped darts
Armour
 h - the +1 robe of Boredom (worn) {rPois Archmagi}
   (You found it on level 27 of a ziggurat)

   rPois:     It protects you from poison.
   Archmagi:  It increases the power of your magical spells.
 k - the -2 hat of the Alchemist (worn) {rElec rPois rF+ rC+ rN+ Will+ rMut rCorr}
   (You found it on level 7 of Cocytus)

   rF+:       It protects you from fire.
   rC+:       It protects you from cold.
   rElec:     It insulates you from electricity.
   rPois:     It protects you from poison.
   rN+:       It protects you from negative energy.
   Will+:     It increases your willpower.
   rCorr:     It protects you from acid and corrosion.
   rMut:      It protects you from mutation.
 l - a +2 pair of boots of flying
 o - the +1 pair of gloves "Cyheonus" (worn) {Regen+}
   (You found it on level 17 of a ziggurat)

   Regen+:    It increases your rate of health regeneration.
 A - the orb "Jeudom" (worn) {light, +Blink rF+++ Dex-3 Air}
   (You took it off Frederick on level 3 of the Depths)

   Dex-3:     It affects your dexterity (-3).
   rF+++:     It renders you almost immune to fire.
   +Blink:    It lets you blink.
   Air:       It increases the power of your Air spells.
 G - the +0 cloak of Exclusion (worn) {rElec rC+ Will+ Str+3}
   (You found it on level 16 of a ziggurat)

   Str+3:     It affects your strength (+3).
   rC+:       It protects you from cold.
   rElec:     It insulates you from electricity.
   Will+:     It increases your willpower.
 T - the +2 pair of boots of Penle (worn) {rF+ Str-4 Int+5}
   (You found it on level 3 of the Realm of Zot)

   Str-4:     It affects your strength (-4).
   Int+5:     It affects your intelligence (+5).
   rF+:       It protects you from fire.
Magical Staves
 D - the staff of Sunlight (weapon) {rElec rPois Str+2 Int+4 SInv Air}
   (You found it on level 25 of a ziggurat)

   [staff of air]

   Base accuracy: +5 Base damage: 5 Base attack delay: 1.2 This weapon's minimum
   attack delay (0.6) is reached at skill level 12.
   Str+2:     It affects your strength (+2).
   Int+4:     It affects your intelligence (+4).
   rElec:     It insulates you from electricity.
   rPois:     It protects you from poison.
   SInv:      It lets you see invisible.
   Air:       It increases the power of your Air spells.
   It falls into the 'Staves' category.
   It is a one-handed weapon.
Jewellery
 a - the amulet of Vitality (around neck) {Regen++ RegenMP++}
   (You found it in a Gauntlet)

   [amulet of nothing]

   Regen++:   It increases your rate of health regeneration.
   RegenMP++: It increases your rate of magic regeneration.
 c - the ring of the Lost Nightcaps (right hand) {Fire Int+3 Dex+3 Stlth+}
   (You took it off a deep elf master archer on level 3 of the Elven Halls)

   [ring of fire]

   Fire:      It enhances your fire magic.
   Int+3:     It affects your intelligence (+3).
   Dex+3:     It affects your dexterity (+3).
   rF+:       It protects you from fire.
   rC-:       It makes you vulnerable to cold.
   Stlth+:    It makes you more stealthy.
 e - the ring "Puussoarph" {+Blink rN+ rCorr Int+6}
   (You found it in Pandemonium)

   [ring of intelligence]

   Int+6:     It affects your intelligence (+6).
   rN+:       It protects you from negative energy.
   +Blink:    It lets you blink.
   rCorr:     It protects you from acid and corrosion.
 v - the ring of the Villain (left hand) {rElec rPois rF- Int+6 Dex+3}
   (You found it on level 5 of the Vaults)

   [ring of intelligence]

   Int+6:     It affects your intelligence (+6).
   Dex+3:     It affects your dexterity (+3).
   rF-:       It makes you vulnerable to fire.
   rElec:     It insulates you from electricity.
   rPois:     It protects you from poison.
 C - the ring of Conflict {rC+ rN+ MP+9 Slay-4}
   (You took it off a purple draconian on level 1 of the Realm of Zot)

   [ring of magical power]

   Slay-4:    It affects your accuracy & damage with ranged weapons and melee
   (-4).
   rC+:       It protects you from cold.
   rN+:       It protects you from negative energy.
   MP+9:      It affects your magic capacity (+9).
 I - the ring of Xom's Recklessness {rN+ Int+3}
   (You found it on level 3 of the Tomb of the Ancients)

   [ring of positive energy]

   Int+3:     It affects your intelligence (+3).
   rN+:       It protects you from negative energy.
 L - the amulet of the Moon {rElec RegenMP+ Int+4}
   (You found it on level 3 of the Tomb of the Ancients)

   [amulet of magic regeneration]

   It increases your rate of magic regeneration.
   Int+4:     It affects your intelligence (+4).
   rElec:     It insulates you from electricity.
   RegenMP+:  It increases your rate of magic regeneration.
Talismans
 O - the death talisman of Past Mistakes {Will+ rCorr Int+3 SInv}
   (You found it in Pandemonium)

   [talisman of death]

   Int+3:     It affects your intelligence (+3).
   Will+:     It increases your willpower.
   SInv:      It lets you see invisible.
   rCorr:     It protects you from acid and corrosion.
Wands
 d - a wand of light (76)
 n - a wand of mindburst (44)
 q - a wand of roots (8)
 x - a wand of digging (57)
 B - a wand of paralysis (14)
Scrolls
 f - 38 scrolls of fog
 g - 8 scrolls of amnesia
 p - 55 scrolls of teleportation {!r}
 s - 5 scrolls of blinking {!r}
 t - a scroll of silence
 w - 10 scrolls of enchant armour
 E - 11 scrolls of revelation
 K - 9 scrolls of immolation
 P - 5 scrolls of summoning
 Q - 4 scrolls of fear
Potions
 b - 9 potions of magic
 i - 55 potions of curing
 j - 13 potions of enlightenment
 m - 7 potions of might
 r - 2 potions of invisibility
 u - 5 potions of haste
 F - 6 potions of cancellation
 H - 6 potions of brilliance
 M - 6 potions of resistance
 X - 9 potions of ambrosia
 Y - 16 potions of heal wounds
 Z - 39 potions of mutation {!q}
Miscellaneous
 J - a phial of floods
 N - 2 +1 figurines of a ziggurat
 R - a lightning rod (4/4)
 S - a tin of tremorstones (2/2)
 V - a sack of spiders
 W - a phantom mirror


   Skills:
 O Level 27 Fighting
 - Level 15.0 Armour
 O Level 27 Dodging
 - Level 1.7 Stealth
 - Level 15.0 Shields
 O Level 27 Spellcasting
 O Level 27 Conjurations
 O Level 27 Necromancy
 O Level 27 Fire Magic
 O Level 27 Ice Magic
 O Level 27 Air Magic
 - Level 10.7 Earth Magic
 O Level 27 Alchemy
 * Level 25.8 Evocations
 + Level 24.4 Shapeshifting


You had one spell level left.
You knew the following spells:

 Your Spells              Type           Power      Damage    Failure   Level
a - Ozocubu's Refrigerat  Ice            84%        4d26      0%          7
b - Death's Door          Necr           84%        N/A       1%          9
c - Fire Storm            Conj/Fire      98%        8d25      1%          9
d - Swiftness             Air            100%       N/A       0%          3
e - Lee's Rapid Deconstr  Erth           64%        3d29*     1%          5
f - Maxwell's Capacitive  Air            100%       ∞         0%          8
g - Polar Vortex          Ice            84%        12d11*    1%          9
h - Blink                 Tloc           100%       N/A       1%          2
j - Sublimation of Blood  Necr           100%       N/A       0%          2
k - Arcjolt               Conj/Air       100%       1d110     0%          5
l - Plasma Beam           Fire/Air       100%       2x1d120   0%          6
m - Irradiate             Conj/Alch      84%        3d39      0%          5
n - Chain Lightning       Conj/Air       100%       3d133     1%          9

Your spell library contained the following spells:

 Spells                   Type           Power      Damage    Failure   Level
 Foxfire                  Conj/Fire      100%       2x1d9     0%          1
 Freeze                   Ice            100%       1d10      0%          1
 Kiss of Death            Conj/Necr      100%       2d13      0%          1
 Magic Dart               Conj           100%       1d8       0%          1
 Necrotise                Necr           100%       1d9       0%          1
 Sandblast                Erth           100%       2d20      0%          1
 Shock                    Conj/Air       100%       1d9       0%          1
 Sting                    Conj/Alch      100%       1d9       0%          1
 Apportation              Tloc           100%       N/A       1%          1
 Slow                     Hex            100%       N/A       1%          1
 Summon Small Mammal      Summ           100%       N/A       1%          1
 Cigotuvi's Dreadful Rot  Necr/Alch/Air  100%       N/A       0%          2
 Ensorcelled Hibernation  Hex/Ice        100%       N/A       0%          2
 Mercury Vapours          Alch/Air       100%       N/A       0%          2
 Momentum Strike          Conj/Tloc      100%       3d10      0%          2
 Scorch                   Fire           100%       2d9       0%          2
 Searing Ray              Conj           100%       2d8       0%          2
 Static Discharge         Conj/Air       100%       3-8/arc   0%          2
 Dazzling Flash           Conj/Hex       100%       N/A       0%          3
 Frozen Ramparts          Ice            100%       1d16      0%          3
 Fugue of the Fallen      Necr           100%       N/A       0%          3
 Hailstorm                Conj/Ice       100%       3d16      0%          3
 Inner Flame              Hex/Fire       100%       N/A       0%          3
 Mephitic Cloud           Conj/Alch/Air  100%       N/A       0%          3
 Ozocubu's Armour         Ice            100%       N/A       0%          3
 Passwall                 Erth           100%       N/A       0%          3
 Stone Arrow              Conj/Erth      100%       3d13      0%          3
 Summon Ice Beast         Ice/Summ       100%       N/A       0%          3
 Vampiric Draining        Necr           100%       2d13      0%          3
 Volatile Blastmotes      Fire/Tloc      100%       2d18      0%          3
 Airstrike                Air            100%       2d(15-31) 0%          4
 Anguish                  Hex/Necr       68%        N/A       0%          4
 Animate Dead             Necr           100%       N/A       0%          4
 Brom's Barrelling Bould  Conj/Erth      100%       2d11      0%          4
 Dispel Undead            Necr           100%       3d31      0%          4
 Flame Wave               Conj/Fire      100%       2d21      0%          4
 Fulminant Prism          Conj/Alch      84%        3d33      0%          4
 Ignite Poison            Fire/Alch      100%       N/A       0%          4
 Iskenderun's Mystic Bla  Conj/Tloc      100%       2d19      0%          4
 Leda's Liquefaction      Alch/Erth      76%        N/A       0%          4
 Martyr's Knell           Necr/Summ      100%       N/A       0%          4
 Olgreb's Toxic Radiance  Alch           100%       N/A       0%          4
 Petrify                  Alch/Erth      100%       N/A       0%          4
 Sticky Flame             Fire/Alch      100%       2d15      0%          4
 Summon Blazeheart Golem  Fire/Summ      100%       N/A       0%          4
 Summon Lightning Spire   Summ/Air       100%       N/A       0%          4
 Vhi's Electric Charge    Tloc/Air       100%       N/A       0%          4
 Alistair's Intoxication  Alch           100%       N/A       0%          5
 Borgnjor's Vile Clutch   Necr/Erth      76%        N/A       0%          5
 Curse of Agony           Necr           100%       N/A       0%          5
 Fireball                 Conj/Fire      98%        3d36      0%          5
 Freezing Cloud           Conj/Ice/Air   100%       6-21      0%          5
 Iskenderun's Battlesphe  Conj           100%       2d15      0%          5
 Yara's Violent Unravell  Hex/Alch       68%        3d25      0%          5
 Bombard                  Conj/Erth      76%        9d12      0%          6
 Conjure Ball Lightning   Conj/Air       100%       3x3d38    0%          6
 Death Channel            Necr           84%        N/A       0%          6
 Eringya's Noxious Bog    Alch           84%        4d6       0%          6
 Permafrost Eruption      Ice/Erth       76%        2x4d21    0%          6
 Sculpt Simulacrum        Ice/Alch       84%        N/A       0%          6
 Starburst                Conj/Fire      98%        6d24      0%          6
 Orb of Destruction       Conj           84%        9d19      0%          7
 Ignition                 Fire           98%        3d25      0%          8
 Call Imp                 Summ           100%       N/A       1%          2
 Jinxbite                 Hex            100%       N/A       1%          2
 Lesser Beckoning         Tloc           100%       N/A       1%          2
 Call Canine Familiar     Summ           76%        N/A       1%          3
 Confusing Touch          Hex            76%        N/A       1%          3
 Gell's Gravitas          Tloc           76%        N/A       1%          3
 Sigil of Binding         Hex            76%        N/A       1%          3
 Tukima's Dance           Hex            76%        N/A       1%          3
 Animate Armour           Summ/Erth      100%       N/A       1%          4
 Cause Fear               Hex            38%        N/A       1%          4
 Dimensional Bullseye     Hex/Tloc       38%        N/A       1%          4
 Manifold Assault         Tloc           76%        N/A       1%          4
 Passage of Golubria      Tloc           76%        N/A       1%          4
 Metabolic Englaciation   Hex/Ice        68%        N/A       1%          5
 Silence                  Hex/Air        94%        N/A       1%          5
 Haunt                    Necr/Summ      68%        N/A       1%          7
 Spellforged Servitor     Conj/Summ      68%        N/A       1%          7
 Borgnjor's Revivificati  Necr           84%        N/A       1%          8
 Infestation              Necr           84%        N/A       1%          8
 Lehudib's Crystal Spear  Conj/Erth      76%        10d17     1%          8
 Summon Forest            Summ/Tloc      38%        N/A       5%          5
 Summon Mana Viper        Hex/Summ       76%        N/A       5%          5
 Dispersal                Tloc           38%        N/A       28%         6
 Summon Cactus Giant      Summ           38%        N/A       28%         6
 Shatter                  Erth           64%        3d47*     50%         9
 Enfeeble                 Hex            38%        N/A       85%         7
 Malign Gateway           Summ/Tloc      38%        N/A       85%         7
 Monstrous Menagerie      Summ           38%        N/A       85%         7
 Summon Hydra             Summ           38%        N/A       85%         7
 Discord                  Hex            38%        N/A       100%        8
 Disjunction              Tloc           38%        N/A       100%        8
 Summon Horrible Things   Summ           38%        N/A       100%        8
 Dragon's Call            Summ           38%        N/A       100%        9


Dungeon Overview and Level Annotations

Branches:
Dungeon (15/15)            Temple (1/1) D:4            Lair (5/5) D:8
  Swamp (4/4) Lair:2        Snake (4/4) Lair:2        Slime (5/5) Lair:5
    Orc (2/2) D:12            Elf (3/3) Orc:2        Vaults (5/5) D:14
  Crypt (3/3) Vaults:3       Tomb (3/3) Crypt:3      Depths (4/4) D:15
   Hell (visited)             Dis (7/7) Hell            Geh (7/7) Hell
    Coc (7/7) Hell            Tar (7/7) Hell            Zot (5/5) Depths:4
  IceCv (visited)          WizLab (visited)         Gauntlet (visited)

Altars:
Ashenzari
Cheibriados
Dithmenos
Elyvilon
Fedhas
Gozag
Hepliaklqana
Kikubaaqudgha
Makhleb
Nemelex Xobeh
Okawaru
Qazlal
Ru
Sif Muna
Trog
Uskayaw
Vehumet
Wu Jian
Xom
Yredelemnul
Zin
The Shining One
Beogh

Shops:
D:4 :   D:6 :   D:10 *   D:11 =   Orc:2 *![:   Elf:2 ?   Snake:1 :==
Snake:2 :!   Vaults:1 :   Vaults:4 (   Vaults:5 !   Depths:4 *

Portals:
Hell: Depths:1 Depths:2 Depths:3 Depths:4
Abyss: Zot:2 Depths:2 Depths:3 Depths:4
Pandemonium: Depths:2 Depths:3


Innate Abilities, Weirdness & Mutations

You are amphibious.
You cover ground slowly.
You can hop long distances.
You have an extended range of vision and can be seen from far away.
You have supernaturally acute eyesight. (SInv)
You are robust. (+10% HP)


Message History

Press: ? - help, Dir - move target
As you read the scroll of blinking {!r}, it crumbles to dust.
Blink to where?
Press: ? - help, Dir - move target
As you read the scroll of blinking {!r}, it crumbles to dust.
Blink to where?
Press: ? - help, Dir - move target
As you read the scroll of blinking {!r}, it crumbles to dust.
Blink to where?
Press: ? - help, Dir - move target
As you read the scroll of blinking {!r}, it crumbles to dust.
Blink to where?
Press: ? - help, Dir - move target
As you read the scroll of blinking {!r}, it crumbles to dust.
Blink to where?
Press: ? - help, Dir - move target
As you read the scroll of blinking {!r}, it crumbles to dust.
Blink to where?
Press: ? - help, Dir - move target
As you read the scroll of blinking {!r}, it crumbles to dust.
Blink to where?
Press: ? - help, Dir - move target A green death comes into view.
As you read the scroll of blinking {!r}, it crumbles to dust.
The green death roars!
Blink to where?
Press: ? - help, Dir - move target
As you read the scroll of blinking {!r}, it crumbles to dust.
Blink to where?
Press: ? - help, Dir - move target
As you read the scroll of blinking {!r}, it crumbles to dust.
Your extra speed is starting to run out.
Blink to where?
Press: ? - help, Dir - move target
As you read the scroll of blinking {!r}, it crumbles to dust.
Okay, then.
Casting: Chain Lightning (mildly dangerous; 1% risk of failure)
Confirm with . or Enter, or press ? or * to list all spells.
Okay, then.
You have escaped!

# #.###### # #2.....#
# #§####.#####
############.........#
...........##+##+##§##
############........(#
#.#.....#.#
#.#..[..#.#
#....@....#
###########


There were no monsters in sight!

Vanquished Creatures
  Cerebov (Pan)
  Antaeus (Coc:7)
  Asmodeus (Geh:7)
  Mnoleg (Pan)
  the Royal Jelly (Slime:5)
  Gloorx Vloq (Pan)
  Ereshkigal (Tar:7)
  the Serpent of Hell (Dis:7)
  Lom Lobon (Pan)
  25 dread liches
  Frederick (Depths:3)
  Khufu (Tomb:3)
  21 ancient liches
  Dispater (Dis:7)
  4 orbs of fire
  The ghost of Olul the Conqueror, a legendary MiFi of Okawaru (Zot:3)
  The ghost of Foeluo the Slayer, a master DjHW of Makhleb (Zot:3)
  The ghost of Foeluo the Slayer, a master DjHW of Makhleb (Zot:3)
  The ghost of Plog the Crack Shot, a legendary FoHu of Dithmenos (Zot:3)
  The ghost of Bisin the Wrestler, a master TrFi of Okawaru (Zot:2)
  The ghost of Plog the Wrestler, a master TrFi of Okawaru (Zot:3)
  The ghost of Plog the Wrestler, a master TrFi of Okawaru (Zot:3)
  4 juggernauts
  Mennas (Pan)
  30 royal mummies
  The ghost of Viwk the Shatterer, a veteran AtGl of Okawaru (Vaults:4)
  6 Killer Klowns
  Boris (thrice) (Vaults:4 Crypt:1 Tomb:2)
  Vv (Depths:2)
  the Lernaean hydra (Swamp:4)
  2 antique champions (WizLab)
  25 shard shrikes
  Geryon (Hell)
  Margery (Crypt:1)
  5 curse toes
  Vashnia (Snake:4)
  24 caustic shrikes
  13 golden dragons
  28 profane servitors
  25 bone dragons
  Jory (Crypt:1)
  Norris (Vaults:2)
  28 Brimstone Fiends
  3 electric golems
  24 hellephants
  30 Tzitzimimeh
  7 iron giants
  12 doom hounds
  23 pandemonium lords
  42 Ice Fiends
  30 tentacled monstrosities
  Rupert (D:15)
  13 liches
  32 Hell Sentinels
  3 walking earthen tomes
  Grunn (Depths:2)
  26 tainted leviathans
  28 Orb Guardians
  2 walking crystal tomes (Depths:2)
  34 searing wretches
  11 quicksilver dragons
  3 deep elf master archers
  4 deep elf blademasters
  4 walking frostbound tomes
  20 sphinxes
  19 titans
  20 tentacled starspawn
  The ghost of Uthrab the Thaumaturge, an adept HuEE of Vehumet (Orc:1)
  23 acid blobs
  Gastronok (Lair:1)
  36 ancient champions
  4 death cobs
  56 Executioners
  16 shadow dragons
  Kirke (Swamp:1)
  The ghost of Tanach the Marksgoblin, an adept CoHu of Okawaru (Snake:4)
  14 storm dragons
  21 tengu reavers
  9 draconian monks
  11 revenants
  3 fenstrider witches (Pan)
  2 daevas
  26 demonspawn warmongers
  40 fire giants
  9 protean progenitors
  10 nagarajas
  13 rockslimes
  13 narguns
  12 quicksilver elementals
  20 draconian knights
  The ghost of PiplupKawaii the Mimic, a journeyman TrBe of Trog (Lair:4)
  15 emperor scorpions
  14 azure jellies
  26 frost giants
  8 deep elf sorcerers
  6 iron dragons
  74 balrugs
  18 draconian scorchers
  32 ghost moths
  15 draconian shifters
  A caustic shrike zombie (Tomb:3)
  12 curse skulls
  4 spectral juggernauts
  6 deep elf elementalists (Elf:3)
  3 spectral caustic shrikes
  10 shard shrike simulacra
  34 vault wardens
  An orc warlord (Vaults:2)
  50 cacodemons
  21 ghouls
  5 broodmothers
  2 angels
  12 draconian stormcallers
  52 reapers
  24 ironbound preservers
  23 stone giants
  34 demonspawn corrupters
  11 draconian annihilators
  17 very ugly things
  3 caustic shrike skeletons (Pan)
  13 quicksilver oozes
  21 demonspawn blood saints (Pan)
  2 ophanim (Zig:6)
  12 green draconians
  5 ironbound thunderhulks
  2 apis (Zig:6)
  22 demonspawn black suns
  4 juggernaut skeletons
  14 vampire knights
  26 elemental wellsprings
  13 black draconians
  6 formless jellyfish
  6 bennus (Tomb:1)
  5 eleionomae
  13 yellow draconians
  A minotaur (Gauntlet)
  40 war gargoyles
  17 white draconians
  A spectral titan (Tar:4)
  19 purple draconians
  13 deep elf death magi
  2 bunyips
  7 deep elf annihilators
  8 deep elf demonologists
  14 dire elephants
  8 red draconians
  41 putrid mouths
  13 wendigos
  11 spark wasps
  17 lorocyprocas
  17 ettins
  49 blizzard demons
  5 eidola
  10 fire dragons
  47 green deaths
  Snorg (D:12)
  15 iron golems
  A spectral quicksilver dragon (Tar:2)
  A quicksilver dragon zombie (Tomb:2)
  A crystal guardian (Zot:2)
  10 merfolk javelineers
  5 merfolk impalers
  2 spectral krakens (Tar:7)
  7 deep elf high priests
  20 entropy weavers
  24 mummy priests
  6 spectral spriggans
  26 jiangshi
  6 rakshasas
  20 yaktaur captains
  A shambling mangrove (Swamp:2)
  6 spriggan air magi
  9 great orbs of eyes
  19 hydras
  Harold (Lair:2)
  A spriggan zombie (Abyss:3)
  A ghost crab (Swamp:1)
  19 salamander tyrants
  A merfolk avatar (Zig:17)
  4 ogre magi
  36 vault guards
  10 hell beasts
  A jorogumo (shapeshifter) (Elf:1)
  5 ice dragons
  8 juggernaut simulacra
  11 caustic shrike simulacra
  6 radroaches
  An anaconda (shapeshifter) (Zig:5)
  12 alligators
  4 catoblepae
  10 jorogumos
  15 anacondas
  16 centaur warriors
  A spriggan skeleton (Tomb:3)
  22 two-headed ogres
  8 boulder beetles
  5 death knights
  9 ironbound frosthearts
  A bennu zombie (Crypt:2)
  41 dancing weapons
  An alligator snapping turtle (Zig:15)
  12 stokers
  10 tengu warriors
  9 merfolk aquamancers
  A two-headed ogre (shapeshifter) (Zig:21)
  6 death yaks
  8 deep troll shamans
  4 satyrs
  33 hell hogs
  76 death scarabs
  7 spriggan berserkers
  2 orc high priests
  A bennu skeleton (Crypt:2)
  16 naga sharpshooters
  6 deep troll earth magi
  17 naga warriors
  5 shock serpents
  11 thrashing horrors
  Nergalle (D:12)
  55 demonic crawlers
  12 vampire magi
  16 deep elf knights
  2 occultists (Depths:2)
  91 soul eaters
  17 hell knights
  143 sun demons
  9 crystal echidnas
  Sonja (Orc:2)
  2 skysharks (shapeshifter)
  11 shadow wraiths
  40 skeletal warriors
  10 skysharks
  A hellephant skeleton (Pan)
  5 salamander mystics
  27 wretched stars
  A spectral bunyip (Tar:1)
  A storm dragon skeleton (WizLab)
  15 flayed ghosts
  11 glowing orange brains
  3 spatial maelstroms (Zig:25)
  15 pharaoh ants
  10 mana vipers
  3 goliath frogs
  7 iron trolls
  5 sea snakes
  8 orb spiders
  The ghost of tls9540 the Martial Artist, a novice OpCK of Xom (D:6)
  68 sixfirhies
  7 quicksilver dragon simulacra
  10 deep elf archers
  3 spectral anacondas (Snake:4)
  15 sun moths
  A cherub (Zig:6)
  2 spectral hydras
  9 naga ritualists
  2 sea snakes (shapeshifter)
  A glowing orange brain (shapeshifter) (Vaults:5)
  34 shadow demons
  2 orange crystal statues
  5 spriggan simulacra
  14 steelbarb worms
  46 deep trolls
  8 spriggan druids
  13 phantasmal warriors
  18 swamp dragons
  7 arcanists
  13 bog bodies
  12 harpies
  3 obsidian statues
  An alligator zombie (Crypt:2)
  26 ironbound convokers
  23 deep elf zephyrmancers
  An anaconda skeleton (Snake:4)
  3 thermic dynamos
  Pikel (D:7)
  3 steelbarb worms (shapeshifter)
  8 necromancers
  18 orc knights
  10 lindwurms
  3 oklob plants (Tar:1)
  23 deep elf pyromancers
  An eleionoma zombie (Crypt:1)
  3 orb spiders (shapeshifter)
  9 cyclopes
  12 wolf spiders
  A spectral ettin (Tar:1)
  A human zombie (Vaults:2)
  11 shining eyes
  8 orc sorcerers
  38 ugly things
  A stone giant zombie (Vaults:1)
  A faun (shapeshifter) (Vaults:5)
  A fire giant zombie (Zig:4)
  28 salamanders
  7 will-o-the-wisps
  6 worldbinders
  4 meliai
  A spectral fire dragon (Tar:1)
  11 manticores
  A stone giant skeleton (Abyss:3)
  9 guardian serpents
  49 moths of wrath
  4 Executioner simulacra (Pan)
  A moth of wrath (shapeshifter) (Depths:2)
  A toenail golem (D:10)
  An elephant (shapeshifter) (Zig:21)
  13 eyes of devastation
  23 vault sentinels
  A centaur zombie (Tomb:1)
  A guardian serpent (shapeshifter) (Vaults:5)
  8 rust devils
  10 elephants
  50 black mambas
  9 water nymphs
  A water nymph (shapeshifter) (Zig:21)
  13 ice statues
  4 apocalypse crabs
  3 merfolk sirens
  7 titan simulacra
  19 torpor snails
  44 orange demons
  11 spectral swamp worms (Tar:7)
  23 naga magi
  2 spectral sea snakes (Snake:4)
  8 molten gargoyles (Geh:7)
  2 black mambas (shapeshifter)
  23 cane toads
  107 smoke demons
  3 gargoyles
  A storm dragon simulacrum (WizLab)
  Jeremiah (D:7)
  6 unseen horrors
  8 rime drakes
  2 kobold demonologists
  22 komodo dragons
  74 hellions
  A white draconian zombie (Crypt:2)
  A komodo dragon (shapeshifter) (Vaults:5)
  2 yaktaurs (shapeshifter) (Elf:1)
  122 large abominations
  13 efreet
  The ghost of mskl23 the Chiller, a novice MfIE of Ashenzari (D:5)
  A bunyip simulacrum (Coc:1)
  A minotaur zombie (Crypt:2)
  36 tormentors
  12 spectral nagas (Snake:4)
  26 freezing wraiths
  2 iron giant simulacra
  8 tengu conjurers
  43 yaktaurs
  2 golden dragon simulacra
  19 ancient zymes
  18 ice devils
  8 anaconda simulacra
  57 guardian mummies
  13 red devils
  A silent spectre (Tar:6)
  A harpy zombie (Tomb:1)
  12 merfolk
  5 trolls
  2 bloated husks (Swamp:4)
  6 polar bears
  2 spectral harpies
  8 tarantellas
  53 hellwings
  A hornet (shapeshifter) (D:14)
  10 saltlings (Orc:2)
  A wind drake (shapeshifter) (Vaults:5)
  2 wind drakes
  9 tyrant leeches
  2 shadow dragon simulacra (Coc:1)
  27 hornets
  Prince Ribbit (Lair:1)
  A jumping spider zombie (Crypt:1)
  8 snapping turtles
  A human simulacrum (Vaults:2)
  15 dream sheep
  13 blink frogs
  A deep troll zombie (Vaults:1)
  14 raiju
  A dream sheep (shapeshifter) (Zig:3)
  4 stone giant simulacra
  An iron dragon simulacrum (Coc:3)
  2 centaur simulacra
  8 glass eyes
  A draconian simulacrum (Coc:2)
  9 culicivoras
  An ettin skeleton (Vaults:2)
  An ettin zombie (Tomb:2)
  5 shadows
  2 shock serpent simulacra (Snake:4)
  9 water elementals
  22 ushabtiu
  117 slime creatures
  8 dire elephant simulacra
  73 ynoxinuls
  33 spriggans
  An air elemental (Elf:1)
  15 jumping spiders
  2 fire dragon skeletons (Geh:2)
  A spriggan (shapeshifter) (Elf:1)
  14 wraiths
  A fire bat (shapeshifter) (Elf:1)
  6 vampires
  3 fire elementals
  An alligator snapping turtle simulacrum (Coc:3)
  11 basilisks
  A human (Swamp:1)
  16 golden eyes
  A wyvern (shapeshifter) (Elf:3)
  9 wyverns
  65 yaks
  13 wargs
  15 redbacks
  4 fire bats (Pan)
  3 steam dragons
  3 hogs (Swamp:1)
  2 redbacks (shapeshifter)
  13 vampire mosquitoes
  3 sea snake simulacra (Snake:4)
  2 death yak simulacra (IceCv)
  50 neqoxecs
  90 chaos spawn
  A naga zombie (Tomb:3)
  3 acid dragons
  14 swamp worms
  14 harpy simulacra
  40 nagas
  A glowing shapeshifter zombie (Vaults:1)
  4 hell hounds
  31 water moccasins
  3 hydra simulacra
  2 naga skeletons
  A guardian serpent simulacrum (Snake:4)
  2 deep troll skeletons (WizLab)
  35 orc warriors
  11 swamp drakes
  9 ettin simulacra
  2 glowing shapeshifter skeletons (Vaults:1)
  3 ice beasts
  A sky beast (D:7)
  28 laughing skulls
  A swamp dragon zombie (WizLab)
  2 black bears
  12 ogres
  14 centaurs
  An elephant zombie (Crypt:1)
  An ogre (shapeshifter) (D:14)
  14 wolves
  3 lemures (D:7)
  5 kobold brigands
  2 phantoms
  Blork the orc (D:5)
  A hog skeleton (Crypt:2)
  A komodo dragon zombie (Crypt:1)
  3 brain worms (Abyss:3)
  A rime drake skeleton (Crypt:1)
  6 weeping skulls
  16 bullfrogs
  A deep troll simulacrum (WizLab)
  8 gnoll sergeants
  9 scorpions
  6 naga simulacra
  2 earth elementals (Elf:1)
  21 small abominations
  A two-headed ogre simulacrum (WizLab)
  4 burial acolytes (Crypt:3)
  A cyclops skeleton (WizLab)
  A wight (D:6)
  4 killer bees (D:10)
  11 howler monkeys
  A yak skeleton (Crypt:2)
  An electric eel (Lair:5)
  A crimson imp (Depths:2)
  2 bombardier beetles (D:5)
  A wolf skeleton (Crypt:2)
  3 jellies
  6 quasits
  29 orc priests
  A hound (D:4)
  11 gnoll boudas
  2 iron imps (Abyss:3)
  Crazy Yiuf (D:7)
  46 starcursed masses
  15 iguanas
  A sleepcap (D:4)
  A hell rat (Lair:3)
  Natasha (thrice) (D:4)
  3 human skeletons (Crypt:1)
  20 orc wizards
  2 polar bear simulacra (IceCv)
  A wolf simulacrum (IceCv)
  A sky beast zombie (Crypt:1)
  An acid dragon zombie (Crypt:1)
  A crocodile skeleton (Crypt:1)
  46 mummies
  18 gnolls
  6 adders
  A swamp drake zombie (Crypt:2)
  4 shadow imps
  5 white imps
  3 ufetubi (Abyss:3)
  4 dart slugs
  3 ribbon worms
  66 orcs
  6 ball pythons
  7 endoplasms
  2 giant cockroaches (D:1)
  A gnoll zombie (Crypt:2)
  14 goblins
  8 hobgoblins
  4 jackals (D:2)
  14 kobolds
  5 quokkas
  6 bats
  4 frilled lizards
  A goblin skeleton (Crypt:1)
  2 rats
  13 aspiring fleshes
  11 creeping infernos
  89 fire vortices
  A lurking horror (Abyss:3)
  10 starspawn tentacles
6432 creatures vanquished.

Vanquished Creatures (collateral kills)
  An angel (Abyss:3)
  A dancing weapon (Elf:2)
  A merfolk aquamancer (Zig:8)
  A deep elf zephyrmancer (Elf:2)
  A large abomination (Abyss:3)
5 creatures vanquished.

Vanquished Creatures (others)
  A lich (Abyss:3)
  An eldritch tentacle (Pan)
  3 balrugs (Pan)
  An eleionoma (Swamp:4)
  A stoker (Geh:4)
  2 sun demons (Pan)
  A smoke demon (Pan)
  A red devil (Pan)
  A hellwing (Pan)
  A tyrant leech (Swamp:2)
  A small abomination (Abyss:2)
  A ynoxinul (Pan)
  A chaos spawn (Pan)
  17 ball lightnings
  32 fire vortices
  2 foxfires (Swamp:1)
  A lurking horror (Abyss:3)
  13 starspawn tentacles
81 creatures vanquished.

Grand Total: 6518 creatures vanquished

Notes
Turn   | Place    | Note
-------+----------+-------------------------------------------
     0 | D:1      | sasameki the Barachi Conjurer began the quest for the Orb.
     0 | D:1      | Reached XP level 1. HP: 13/13 MP: 3/3
   182 | D:1      | Reached XP level 2. HP: 19/19 MP: 0/5
   538 | D:1      | Reached XP level 3. HP: 24/24 MP: 4/7
   642 | D:1      | Found a faded altar of an unknown god.
  1319 | D:2      | Learned a level 2 spell: Searing Ray
  1511 | D:2      | Reached skill level 5 in Conjurations
  1511 | D:2      | Reached XP level 4. HP: 21/30 MP: 2/9
  2151 | D:2      | Reached XP level 5. HP: 35/35 MP: 9/11
  2802 | D:3      | Found a hazy altar of Hepliaklqana.
  3022 | D:3      | Found a hide-covered altar of Uskayaw.
  3305 | D:3      | Noticed an ogre
  3309 | D:3      | Killed an ogre
  3310 | D:3      | Reached skill level 5 in Spellcasting
  3310 | D:3      | Reached XP level 6. HP: 41/41 MP: 5/13
  3615 | D:4      | Noticed Natasha
  3900 | D:4      | Reached XP level 7. HP: 42/46 MP: 5/16
  4031 | D:4      | Found a sparkling altar of Nemelex Xobeh.
  4128 | D:4      | Killed Natasha
  4181 | D:4      | Found Jova's Self-Improvement Boutique.
  4338 | D:4      | Found a shadowy altar of Dithmenos.
  4419 | D:4      | Noticed Natasha
  4561 | D:4      | Found a staircase to the Ecumenical Temple.
  4572 | Temple   | Entered the Ecumenical Temple
  4581 | Temple   | Became a worshipper of Vehumet
  4617 | D:4      | Killed Natasha
  4741 | D:4      | Noticed Natasha
  4749 | D:4      | Killed Natasha
  4779 | D:5      | Entered Level 5 of the Dungeon
  4948 | D:5      | Reached skill level 1 in Fighting
  5060 | D:5      | Reached XP level 8. HP: 39/54 MP: 6/19
  5299 | D:5      | Found a transporter.
  5302 | D:5      | Found an opulent altar of Gozag.
  5302 | D:5      | Noticed mskl23's ghost (novice MfIE)
  5393 | D:5      | Found a burning altar of Makhleb.
  5527 | D:5      | Noticed Blork the orc
  5534 | D:5      | Killed Blork the orc
  5553 | D:4      | Reached * piety under Vehumet
  5553 | D:4      | Offered knowledge of Foxfire by Vehumet.
  5894 | D:5      | Found a transporter.
  5983 | D:5      | Reached XP level 9. HP: 26/65 MP: 7/21
  6309 | D:6      | Found Eliyser's Book Shoppe.
  6730 | D:6      | Noticed tls9540's ghost (novice OpCK)
  6735 | D:6      | Found a runed translucent door.
  7029 | D:6      | Reached skill level 5 in Fighting
  7812 | D:7      | Reached skill level 10 in Spellcasting
  7975 | D:7      | Reached ** piety under Vehumet
  7981 | D:7      | Noticed Jeremiah
  8022 | D:7      | Noticed Pikel
  8163 | D:7      | Killed Pikel
  8324 | D:7      | Killed Jeremiah
  8325 | D:7      | Reached XP level 10. HP: 58/79 MP: 14/25
  8624 | D:7      | Found a runed translucent door.
  8625 | D:7      | Noticed Crazy Yiuf
  8630 | D:7      | Killed Crazy Yiuf
  8922 | D:6      | Bought a book of Air for 308 gold pieces
  8927 | D:6      | Learned a level 4 spell: Airstrike
  8931 | D:6      | Learned a level 3 spell: Swiftness
  8990 | D:6      | Killed tls9540's ghost
  9184 | D:5      | Killed mskl23's ghost
  9184 | D:5      | Offered knowledge of Sting by Vehumet.
 10189 | D:8      | Reached skill level 5 in Air Magic
 10384 | D:8      | Noticed an elephant
 10542 | D:8      | Learned a level 3 spell: Ozocubu's Armour
 10705 | D:8      | Noticed an elephant
 10789 | D:8      | Killed an elephant
 10790 | D:8      | Reached skill level 1 in Ice Magic
 10924 | D:8      | Found a staircase to the Lair.
 10965 | D:8      | Killed an elephant
 11102 | Lair:1   | Entered Level 1 of the Lair of Beasts
 11105 | Lair:1   | Noticed a cane toad
 11110 | Lair:1   | Killed a cane toad
 11133 | Lair:1   | Noticed a cane toad
 11231 | Lair:1   | Killed a cane toad
 11232 | Lair:1   | Reached XP level 11. HP: 75/84 MP: 16/27
 11363 | Lair:1   | Reached skill level 5 in Ice Magic
 11543 | Lair:1   | Noticed Gastronok
 12068 | Lair:1   | Offered knowledge of Static Discharge by Vehumet.
 12313 | Lair:1   | Noticed Prince Ribbit
 12515 | D:9      | Noticed a two-headed ogre
 12518 | D:9      | Killed a two-headed ogre
 12524 | D:9      | Noticed a two-headed ogre
 12529 | D:9      | Killed a two-headed ogre
 12530 | D:9      | Noticed a two-headed ogre
 12666 | D:9      | Reached *** piety under Vehumet
 13211 | Lair:1   | Killed Prince Ribbit
 13212 | Lair:1   | Reached skill level 10 in Air Magic
 13354 | Lair:1   | Found an iron altar of Okawaru.
 13451 | Lair:1   | Offered knowledge of Frozen Ramparts by Vehumet.
 13763 | Lair:1   | Killed Gastronok
 13764 | Lair:1   | Reached XP level 12. HP: 91/91 MP: 2/29
 14101 | Lair:2   | Noticed a skyshark
 14186 | Lair:2   | Killed a skyshark
 14632 | Lair:2   | Noticed a four-headed hydra
 14637 | Lair:2   | Killed a four-headed hydra
 14816 | Lair:2   | Noticed a boulder beetle
 14913 | Lair:2   | Found a staircase to the Swamp.
 15145 | Lair:2   | Killed a boulder beetle
 15382 | Lair:2   | Noticed a skyshark
 15643 | Lair:2   | Found a staircase to the Snake Pit.
 15864 | Lair:2   | Reached **** piety under Vehumet
 16029 | Lair:2   | Killed a skyshark
 16108 | Lair:2   | Noticed Harold
 16113 | Lair:2   | Killed Harold
 16612 | Lair:3   | Offered knowledge of Hailstorm by Vehumet.
 16710 | Lair:2   | Learned a level 8 spell: Maxwell's Capacitive Coupling
 16715 | Lair:3   | Gained mutation: You can hop long distances. [Barachi
                  | growth]
 16715 | Lair:3   | Reached XP level 13. HP: 47/96 MP: 21/31
 17950 | Lair:3   | Identified the +1 quarterstaff of Uncertain Death {freeze,
                  | ^Contam rPois Will+++ SInv}
 18692 | Lair:3   | Reached skill level 15 in Air Magic
 19888 | Lair:3   | Reached skill level 15 in Spellcasting
 20043 | Lair:4   | Found a transporter.
 20051 | Lair:4   | Found a transporter.
 20138 | Lair:4   | Found a gate leading to a gauntlet.
 20154 | Gauntlet | Entered a Gauntlet
 20154 | Gauntlet | Found a transporter.
 20189 | Gauntlet | Noticed an entropy weaver
 20218 | Gauntlet | Found a transporter.
 20219 | Gauntlet | Found a transporter.
 20221 | Gauntlet | Found a transporter.
 20223 | Gauntlet | Found a transporter.
 20224 | Gauntlet | Found a transporter.
 20232 | Gauntlet | Found a transporter.
 20233 | Gauntlet | Found a transporter.
 20246 | Gauntlet | Found the amulet of Vitality {Regen++ RegenMP++}
 20300 | Gauntlet | Found a transporter.
 20316 | Gauntlet | Found a transporter.
 20320 | Gauntlet | Found a transporter.
 20335 | Gauntlet | Found a transporter.
 20402 | Gauntlet | Learned a level 3 spell: Hailstorm
 20405 | Gauntlet | Learned a level 2 spell: Blink
 20415 | Gauntlet | Reached ***** piety under Vehumet
 20415 | Gauntlet | Offered knowledge of Sticky Flame by Vehumet.
 20462 | Gauntlet | Identified the ring of Miemap {Wiz rC+ rN+ Slay+2}
 20484 | Gauntlet | Killed an entropy weaver
 20507 | Gauntlet | Identified the +2 robe of the Shishi {Int+3}
 20718 | Gauntlet | Noticed a minotaur
 20724 | Gauntlet | Killed a minotaur
 20810 | Gauntlet | Learned a level 6 spell: Permafrost Eruption
 21084 | Lair:4   | Noticed PiplupKawaii's ghost (journeyman TrBe)
 21096 | Lair:4   | Found a bloodstained altar of Trog.
 21196 | Lair:4   | Reached XP level 14. HP: 103/103 MP: 19/33
 22093 | Lair:5   | Entered Level 5 of the Lair of Beasts
 22348 | Lair:5   | Found a staircase to the Slime Pits.
 23259 | Lair:5   | Noticed a dire elephant
 23265 | Lair:5   | Killed a dire elephant
 23541 | Lair:5   | Identified the +3 halberd "Ischar" {protect, *Corrode rC++
                  | Dex+4}
 23782 | Lair:5   | Reached XP level 15. HP: 87/108 MP: 28/35
 24263 | D:6      | Bought a book of Blood for 392 gold pieces
 24266 | D:6      | Learned a level 2 spell: Sublimation of Blood
 24346 | D:9      | Offered knowledge of Arcjolt by Vehumet.
 24353 | D:9      | Learned a level 5 spell: Arcjolt
 24874 | D:9      | Paralysed by a hornet for 3 turns
 25010 | D:10     | Entered Level 10 of the Dungeon
 25168 | D:10     | Found Noaruock's Assorted Antiques.
 25887 | D:11     | Offered knowledge of Plasma Beam by Vehumet.
 25895 | D:11     | Learned a level 6 spell: Plasma Beam
 26336 | D:11     | You fall into a shaft and drop 3 floors!
 26729 | D:12     | Noticed Nergalle
 26843 | D:12     | Found a staircase to the Orcish Mines.
 26850 | D:12     | Found a roughly hewn altar of Beogh.
 26987 | D:11     | Found Zozom's Jewellery Emporium.
 27793 | D:12     | Killed Nergalle
 27873 | D:12     | Noticed Snorg
 27878 | D:12     | Killed Snorg
 28014 | D:12     | Identified a scroll of acquirement
 28015 | D:12     | Acquired the +2 hat "Reprahast" {rElec rPois}
 28059 | Orc:1    | Entered Level 1 of the Orcish Mines
 28171 | Orc:1    | Noticed Uthrab's ghost (adept HuEE)
 28190 | Orc:1    | Found a roughly hewn altar of Beogh.
 28224 | Orc:1    | Found a runed translucent gate.
 28226 | Orc:1    | Found a runed translucent gate.
 28227 | Orc:1    | Found a runed translucent gate.
 28279 | Orc:1    | Reached skill level 10 in Ice Magic
 28298 | Orc:1    | Found a frozen archway.
 28302 | Orc:1    | Reached XP level 16. HP: 101/115 MP: 24/37
 28316 | IceCv    | Entered an ice cave
 28318 | IceCv    | Reached ****** piety under Vehumet
 28384 | IceCv    | Offered knowledge of Irradiate by Vehumet.
 28391 | IceCv    | Learned a level 5 spell: Irradiate
 28703 | Orc:1    | Found Worar's Magic Scroll Shop.
 28706 | Orc:1    | Bought a scroll of blinking for 75 gold pieces
 28706 | Orc:1    | Bought a scroll of teleportation for 30 gold pieces
 28706 | Orc:1    | Bought a scroll of identify for 20 gold pieces
 28706 | Orc:1    | Bought a scroll of poison for 40 gold pieces
 28706 | Orc:1    | Bought a scroll of identify for 20 gold pieces
 28706 | Orc:1    | Bought a scroll of identify for 20 gold pieces
 28706 | Orc:1    | Bought a scroll of revelation for 75 gold pieces
 29021 | Orc:1    | Killed Uthrab's ghost
 29075 | Orc:2    | Entered Level 2 of the Orcish Mines
 29460 | Orc:2    | Noticed Sonja
 29464 | Orc:2    | Killed Sonja
 29504 | Orc:2    | Found a staircase to the Elven Halls.
 29670 | Orc:2    | Offered knowledge of Ozocubu's Refrigeration by Vehumet.
 29706 | Orc:2    | Found Menuxium's General Store.
 29707 | Orc:2    | Found a roughly hewn altar of Beogh.
 29708 | Orc:2    | Found Kamel's Distillery.
 29715 | Orc:2    | Bought a potion of curing for 39 gold pieces
 29715 | Orc:2    | Bought a potion of curing for 39 gold pieces
 29715 | Orc:2    | Bought a potion of curing for 39 gold pieces
 29715 | Orc:2    | Bought a potion of heal wounds for 65 gold pieces
 29719 | Orc:2    | Bought 2 scrolls of identify for 52 gold pieces
 29960 | Orc:2    | Found Manax's Antique Armour Shop.
 29974 | Orc:2    | Bought a shiny helmet for 277 gold pieces
 29974 | Orc:2    | Bought a pair of glowing gloves for 277 gold pieces
 29974 | Orc:2    | Bought a scorched leather armour for 259 gold pieces
 29974 | Orc:2    | Identified the +3 leather armour of the Desert {Str-5
                  | Int+6} (You bought it in a shop on level 2 of the Orcish
                  | Mines)
 30041 | Orc:2    | Found Leovufo's Book Shoppe.
 30179 | D:13     | Identified the amulet "Lumpepp" {Reflect rF+ Dex+2 SH+5
                  | SInv}
 31535 | D:14     | Found a gate to the Vaults.
 31597 | D:15     | Entered Level 15 of the Dungeon
 31983 | D:15     | Acquired the ring "Yprulyob" {rElec rF+ rCorr Int+3}
 32638 | D:15     | Found a staircase to the Depths.
 32643 | D:15     | Reached XP level 17. HP: 120/120 MP: 34/39
 32875 | Snake:1  | Entered Level 1 of the Snake Pit
 33519 | Snake:1  | Learned a level 7 spell: Ozocubu's Refrigeration
 33887 | Snake:1  | Found Nomm's Book Boutique.
 33887 | Snake:1  | Found Iheoxtuw's Jewellery Shoppe.
 33888 | Snake:1  | Found Venoeq's Jewellery Shoppe.
 34515 | Snake:2  | Offered knowledge of Iskenderun's Battlesphere by Vehumet.
 34975 | Snake:2  | Found Neputil's Distillery.
 34975 | Snake:2  | Found Homu's Book Shop.
 35035 | Snake:2  | Bought 2 potions of heal wounds for 180 gold pieces
 35035 | Snake:2  | Bought a potion of curing for 54 gold pieces
 35035 | Snake:2  | Bought a potion of invisibility for 144 gold pieces
 35169 | Snake:2  | Got the Elucidation of Fate
 35180 | Snake:2  | Reached skill level 15 in Ice Magic
 36903 | Snake:3  | Acquired 502 gold pieces
 37220 | Snake:4  | Entered Level 4 of the Snake Pit
 37232 | Snake:4  | Found a runed translucent gate.
 37466 | Snake:4  | Found a runed translucent gate.
 37466 | Snake:4  | Found a runed translucent gate.
 37628 | Snake:4  | Noticed Tanach's ghost (adept CoHu)
 37736 | Snake:4  | Reached XP level 18. HP: 86/133 MP: 24/41
 38186 | Snake:4  | Offered knowledge of Conjure Ball Lightning by Vehumet.
 38546 | Snake:4  | Upgraded the game from 0.32-a0-699-g1ee5eff to
                  | 0.32-a0-715-gee0ae1b
 38624 | Snake:4  | Reached skill level 10 in Fighting
 40149 | Snake:3  | Learned a level 6 spell: Conjure Ball Lightning
 41536 | Snake:4  | Noticed Vashnia
 41540 | Snake:4  | Killed Vashnia
 41992 | Snake:4  | Found an iron altar of Okawaru.
 42008 | Snake:4  | Got a serpentine rune of Zot
 42101 | Snake:4  | Killed Tanach's ghost
 42359 | Snake:4  | Upgraded the game from 0.32-a0-715-gee0ae1b to
                  | 0.32-a0-735-gad06451
 42421 | Snake:2  | Bought a potion of enlightenment for 90 gold pieces
 42421 | Snake:2  | Bought a potion of haste for 180 gold pieces
 42421 | Snake:2  | Bought a potion of brilliance for 72 gold pieces
 42571 | Swamp:1  | Entered Level 1 of the Swamp
 43192 | Swamp:1  | Offered knowledge of Lehudib's Crystal Spear by Vehumet.
 43192 | Swamp:1  | Offered knowledge of Polar Vortex by Vehumet.
 43192 | Swamp:1  | Offered knowledge of Ignition by Vehumet.
 43715 | Swamp:1  | Noticed Kirke
 43719 | Swamp:1  | Killed Kirke
 44228 | Swamp:2  | Reached XP level 19. HP: 144/144 MP: 30/43
 44560 | Swamp:2  | Identified the +4 rapier of Popular Demand {venom, rElec
                  | rF++ Dex-5}
 46150 | Swamp:4  | Entered Level 4 of the Swamp
 47939 | Swamp:4  | Noticed the 27-headed Lernaean hydra
 48126 | Swamp:4  | Killed the 27-headed Lernaean hydra
 48192 | Swamp:4  | Got a decaying rune of Zot
 48461 | D:15     | Noticed Rupert
 48465 | D:15     | Killed Rupert
 48633 | Elf:1    | Entered Level 1 of the Elven Halls
 50117 | Elf:1    | Got the Folio of the Productive Sixfirhy
 50183 | Elf:1    | Reached XP level 20. HP: 155/155 MP: 32/45
 50231 | Elf:1    | You fall into a shaft and drop 1 floor!
 50233 | Elf:2    | Found a runed translucent gate.
 50233 | Elf:2    | Found a runed translucent gate.
 50233 | Elf:2    | Found a runed translucent gate.
 50900 | Elf:2    | Found Pyaloss's Magic Scroll Emporium.
 50903 | Elf:2    | Bought a scroll of teleportation for 39 gold pieces
 50903 | Elf:2    | Bought a scroll of blinking for 97 gold pieces
 52206 | Elf:3    | Entered Level 3 of the Elven Halls
 52758 | Elf:3    | Identified the ring of the Lost Nightcaps {Fire Int+3 Dex+3
                  | Stlth+}
 52981 | Elf:3    | Identified the +0 buckler of Soavvu Liuf {Dex+4}
 54352 | Elf:3    | Identified the stafffire "Jellyslayer" {*Corrode +Blink rF+
                  | Str-4 Dex+4 Fire}
 54358 | Elf:3    | Identified the staffcold of the Crawling Thing {rC+ Int+3
                  | Dex+6 Ice}
 54361 | Elf:3    | Identified the amulet "Dienuhoeda" {rF+ rN++ Regen+ Str-5
                  | Slay+3}
 54638 | Elf:3    | Identified the +0 ring mail of Byahod {rF+}
 54640 | Elf:3    | Identified the +1 ring mail of Gozag's Pride {Will+ Int-3
                  | Slay+2 SInv}
 55106 | Orc:2    | Bought a scroll of enchant armour for 97 gold pieces
 55369 | D:4      | Bought a manual of Shields for 880 gold pieces
 55369 | D:4      | Bought a manual of Dodging for 880 gold pieces
 55516 | D:10     | Bought a potion of curing for 60 gold pieces
 55516 | D:10     | Bought a scroll of blinking for 150 gold pieces
 55516 | D:10     | Bought a scroll of fear for 80 gold pieces
 55516 | D:10     | Bought a scroll of amnesia for 80 gold pieces
 55650 | Lair:4   | Reached skill level 1 in Shields
 55713 | Lair:4   | Killed PiplupKawaii's ghost
 56359 | Vaults:1 | Entered Level 1 of the Vaults
 56550 | Vaults:1 | Reached XP level 21. HP: 111/165 MP: 38/47
 57075 | Vaults:1 | Reached skill level 5 in Dodging
 57371 | Vaults:1 | Found Buil's Book Shop.
 57680 | Vaults:1 | Reached skill level 5 in Shields
 58706 | Vaults:2 | Got the Commentary on Refined Arcane Weapons
 58707 | Vaults:2 | Noticed Norris
 58711 | Vaults:2 | Killed Norris
 60978 | Vaults:2 | Reached skill level 15 in Fighting
 61525 | Vaults:3 | Found a magical portal.
 61614 | WizLab   | Entered Zonguldrok's Shrine
 61790 | WizLab   | Reached skill level 10 in Dodging
 61865 | WizLab   | Reached XP level 22. HP: 125/175 MP: 11/49
 62374 | WizLab   | Noticed an antique champion
 62374 | WizLab   | Noticed an antique champion
 62379 | WizLab   | Killed an antique champion
 62380 | WizLab   | Reached skill level 10 in Shields
 62385 | WizLab   | Killed an antique champion
 62547 | WizLab   | Identified the +5 kite shield of Tempters {Harm}
 62550 | WizLab   | Acquired a +0 hat of see invisible
 62561 | WizLab   | Learned a level 9 spell: Polar Vortex
 62562 | WizLab   | Got the Directory of Darkness
 62594 | WizLab   | Identified the +0 plate armour of Uskayaw's Displeasure
                  | {Int+4 Slay+3}
 63093 | Vaults:3 | Acquired a book of the Dragon
 63094 | Vaults:3 | Acquired 841 gold pieces
 64787 | Vaults:3 | Found a staircase to the Crypt.
 65903 | Vaults:4 | Found a runed translucent door.
 65903 | Vaults:4 | Found a shimmering altar of Xom.
 65903 | Vaults:4 | Noticed Viwk's ghost (veteran AtGl)
 66442 | Vaults:4 | Identified the +4 robe of Tarph {Int+6}
 66442 | Vaults:4 | Noticed Boris
 66673 | Vaults:4 | Killed Viwk's ghost
 66755 | Vaults:4 | Found Enaav's Weapon Shoppe.
 66768 | Vaults:4 | Killed Boris
 67945 | Vaults:5 | Entered Level 5 of the Vaults
 67950 | Vaults:5 | Reached XP level 23. HP: 163/183 MP: 49/51
 68305 | Vaults:5 | Noticed a golden dragon
 69092 | Vaults:5 | Noticed a golden dragon
 69102 | Vaults:5 | Killed a golden dragon
 69493 | Vaults:5 | Identified the +9 rapier of Triumph {vamp, ^Fragile Int+6
                  | Stlth+}
 70006 | Vaults:5 | Killed a golden dragon
 70590 | Vaults:5 | Noticed an ancient lich
 70750 | Vaults:5 | Killed an ancient lich
 71222 | Vaults:5 | Identified the ring of the Villain {rElec rPois rF- Int+6
                  | Dex+3}
 71228 | Vaults:5 | Identified the +2 hand axe "Mokaedemaat" {flame, rCorr
                  | Dex+2}
 71608 | Vaults:5 | Got a silver rune of Zot
 71745 | Vaults:5 | Identified the ring of Xoli {Wiz Str+5}
 72017 | Vaults:5 | Found Feheqoof's Distillery.
 72028 | Vaults:5 | Bought a potion of curing for 51 gold pieces
 72028 | Vaults:5 | Bought a potion of ambrosia for 136 gold pieces
 72028 | Vaults:5 | Bought a potion of cancellation for 136 gold pieces
 72028 | Vaults:5 | Bought a potion of mutation for 136 gold pieces
 72028 | Vaults:5 | Bought a potion of experience for 850 gold pieces
 72028 | Vaults:5 | Bought a potion of resistance for 170 gold pieces
 72028 | Vaults:5 | Reached skill level 15 in Dodging
 72028 | Vaults:5 | Reached skill level 1 in Evocations
 72028 | Vaults:5 | Reached XP level 24. HP: 193/193 MP: 51/51
 72170 | Vaults:5 | Reached skill level 15 in Shields
 72251 | Vaults:5 | Identified the ring "Oheocet" {rF+ Will+}
 72571 | Crypt:1  | Entered Level 1 of the Crypt
 72588 | Crypt:1  | Identified the +3 robe of Untruth {rPois Str-5 Int+3}
 72588 | Crypt:1  | Noticed Boris
 72775 | Crypt:1  | Killed Boris
 72776 | Crypt:1  | Reached XP level 25. HP: 88/199 MP: 39/51
 73227 | Depths:1 | Entered Level 1 of the Depths
 73305 | Depths:1 | Found an ornate altar of the Wu Jian Council.
 73572 | Depths:1 | Found a one-way gateway to a ziggurat.
 73572 | Depths:1 | Noticed a dread lich
 73579 | Depths:1 | Killed a dread lich
 73696 | Depths:1 | Found a gateway to Hell.
 74311 | Depths:2 | Identified the ring of Ygiddaxt {rC++ rN+ MP+9 Dex-5 SInv}
 74483 | Depths:2 | Noticed Grunn
 74488 | Depths:2 | Killed Grunn
 75013 | Depths:2 | Reached skill level 5 in Evocations
 75588 | Depths:1 | Reached skill level 10 in Conjurations
 76023 | Depths:2 | Identified the +0 chain mail of Ikeef {+Blink rC+ Dex+2}
 76078 | Depths:2 | Found a one-way gate to the infinite horrors of the Abyss.
 76095 | Depths:2 | Found a blossoming altar of Fedhas.
 76102 | Depths:2 | Noticed Vv
 76108 | Depths:2 | Killed Vv
 77063 | Depths:2 | Identified the +8 mace "Wytimiorph" {flame, rPois Str+4}
 77141 | Depths:2 | Found a one-way gate leading to the halls of Pandemonium.
 78385 | Depths:3 | Identified the orb "Jeudom" {light, +Blink rF+++ Dex-3 Air}
 78385 | Depths:3 | Noticed Frederick
 78410 | Depths:3 | Upgraded the game from 0.32-a0-735-gad06451 to
                  | 0.32-a0-814-g0968bab
 78693 | Depths:3 | Reached XP level 26. HP: 208/208 MP: 39/52
 78788 | Depths:3 | Killed Frederick
 79349 | Depths:3 | Learned a level 9 spell: Chain Lightning
 79427 | Depths:3 | Identified the +1 shadow dragon scales of Fallacy {rElec
                  | rF+ Stlth++++}
 80585 | Depths:4 | Entered Level 4 of the Depths
 80938 | Depths:4 | Noticed a juggernaut
 80943 | Depths:4 | Killed a juggernaut
 82439 | Depths:4 | Found a gate to the Realm of Zot.
 82515 | Depths:4 | Found Fudahuit's Assorted Antiques.
 82522 | Depths:4 | Bought a potion of heal wounds for 140 gold pieces
 82522 | Depths:4 | Bought a potion of ambrosia for 224 gold pieces
 82902 | D:10     | Bought a wand of digging (2) for 168 gold pieces
 82902 | D:10     | Bought a scroll of noise for 20 gold pieces
 83048 | Orc:2    | Bought a potion of mutation for 104 gold pieces
 83048 | Orc:2    | Bought a potion of resistance for 130 gold pieces
 83048 | Orc:2    | Bought a potion of cancellation for 104 gold pieces
 83301 | Snake:2  | Bought a manual of Armour for 1120 gold pieces
 83418 | Slime:1  | Entered Level 1 of the Pits of Slime
 84463 | Slime:2  | Reached skill level 1 in Fire Magic
 86698 | Slime:3  | Reached XP level 27. HP: 214/219 MP: 46/52
 86867 | Slime:5  | Entered Level 5 of the Pits of Slime
 87051 | Slime:5  | Noticed the Royal Jelly
 87056 | Slime:5  | Killed the Royal Jelly
 87191 | Slime:5  | Found the +3 Mad Mage's Maulers {Infuse+∞ VampMP -Cast}
 87192 | Slime:5  | Found the +3 salamander hide armour {Flames, rFlCloud rF++
                  | rC--}
 87569 | Slime:5  | Reached skill level 5 in Fire Magic
 87842 | Slime:5  | Identified the staff of Causality {rElec Will+ Air Alchemy}
 88601 | Slime:5  | Identified the staff of Magg {Str+4 Dex+2 Conj}
 88606 | Slime:5  | Identified the ring of Lunac {rC+ rN+ Str+2 Int-4}
 88667 | Slime:5  | Got a slimy rune of Zot
 88668 | Slime:5  | Identified the +2 morningstar of the Thieving Gods {flame,
                  | rCorr Int+4}
 90450 | Crypt:1  | Noticed Jory
 90455 | Crypt:1  | Killed Jory
 90456 | Crypt:1  | Reached skill level 1 in Armour
 91193 | Crypt:1  | Noticed Margery
 91199 | Crypt:1  | Killed Margery
 94101 | Crypt:3  | Entered Level 3 of the Crypt
 94451 | Crypt:3  | Reached skill level 5 in Armour
 94870 | Crypt:3  | Found an ancient bone altar of Kikubaaqudgha.
 95109 | Crypt:3  | Reached skill level 15 in Conjurations
 95754 | Crypt:3  | Found the +13 scythe of Curses {drain, curses, ^Drain}
 96047 | Crypt:3  | Identified the amulet of the Hart {Spirit rPois Will+}
 96426 | Crypt:3  | Found a staircase to the Tomb.
 96503 | Crypt:3  | Identified the +3 hand axe of the Lair of Beasts {speed,
                  | rPois SInv}
 97260 | Tomb:1   | Entered Level 1 of the Tomb of the Ancients
 98124 | Tomb:1   | Noticed a royal mummy
 98133 | Tomb:1   | Killed a royal mummy
 98607 | Tomb:1   | Noticed a royal mummy
 98611 | Tomb:1   | Killed a royal mummy
101189 | Hell     | Entered the Vestibule of Hell
101189 | Hell     | Noticed Geryon
101194 | Hell     | Killed Geryon
101195 | Hell     | Reached skill level 1 in Alchemy
101492 | Hell     | Reached skill level 10 in Fire Magic
101586 | Hell     | Found a gateway to the decaying netherworld of Tartarus.
101659 | Hell     | Found a gateway to the Iron City of Dis.
101685 | Hell     | Found a gateway to the freezing wastes of Cocytus.
101788 | Hell     | Found a gateway to the ashen valley of Gehenna.
102481 | Depths:2 | Voluntarily entered the Abyss.
102483 | Abyss:1  | Found a corrupted altar of Lugonu.
102711 | Abyss:2  | Reached skill level 10 in Armour
102801 | Abyss:3  | Reached skill level 5 in Alchemy
102952 | Abyss:3  | Gained mutation: You sometimes lose your temper in combat.
                  | [a neqoxec]
103220 | Abyss:3  | Reached skill level 1 in Necromancy
103343 | Abyss:3  | Noticed an ancient lich
103351 | Abyss:3  | Killed an ancient lich
103482 | Abyss:3  | Got an abyssal rune of Zot
103502 | Depths:2 | Escaped the Abyss
103672 | Zot:1    | Entered Level 1 of the Realm of Zot
104071 | Zot:1    | Found a transporter.
104082 | Zot:1    | Identified the ring of Conflict {rC+ rN+ MP+9 Slay-4}
104085 | Zot:1    | Found a transporter.
104609 | Zot:2    | Reached skill level 10 in Alchemy
104940 | Zot:2    | Found a transporter.
104949 | Zot:2    | Found a transporter.
104965 | Zot:2    | Noticed Bisin's ghost (master TrFi)
105492 | Zot:3    | Found a huge runed translucent gate.
105492 | Zot:3    | Found a huge runed translucent gate.
105492 | Zot:3    | Found a huge runed translucent gate.
105492 | Zot:3    | Found a huge runed translucent gate.
105492 | Zot:3    | Found a huge runed translucent gate.
105492 | Zot:3    | Found a huge runed translucent gate.
105493 | Zot:3    | Found a huge runed translucent gate.
105493 | Zot:3    | Found a huge runed translucent gate.
105494 | Zot:3    | Found a huge runed translucent gate.
105494 | Zot:3    | Found a huge runed translucent gate.
105494 | Zot:3    | Found a huge runed translucent gate.
105494 | Zot:3    | Found a huge runed translucent gate.
105494 | Zot:3    | Found a huge runed translucent gate.
105497 | Zot:3    | Found a huge runed translucent gate.
105497 | Zot:3    | Found a huge runed translucent gate.
105514 | Zot:3    | Found a huge runed translucent gate.
105518 | Zot:3    | Found a huge runed translucent gate.
105540 | Zot:3    | Found a huge runed translucent gate.
105541 | Zot:3    | You fall into a shaft and drop 1 floor!
105546 | Zot:4    | Reached skill level 5 in Necromancy
105695 | Zot:3    | Found a huge runed translucent gate.
105696 | Zot:3    | Found a huge runed translucent gate.
105696 | Zot:3    | Found a huge runed translucent gate.
105696 | Zot:3    | Found a huge runed translucent gate.
105696 | Zot:3    | Found a huge runed translucent gate.
105697 | Zot:3    | Noticed Plog's ghost (legendary FoHu)
105697 | Zot:3    | Noticed Plog's ghost (master TrFi)
105697 | Zot:3    | Noticed Plog's ghost (master TrFi)
105697 | Zot:3    | Noticed Foeluo's ghost (master DjHW)
105697 | Zot:3    | Noticed Olul's ghost (legendary MiFi)
105697 | Zot:3    | Noticed Foeluo's ghost (master DjHW)
105719 | Zot:3    | Found a huge runed translucent gate.
105815 | Zot:3    | Found a huge runed translucent gate.
105817 | Zot:3    | Found a huge runed translucent gate.
105828 | Zot:3    | Found a huge runed translucent gate.
105828 | Zot:3    | Identified the +5 halberd "Cyitatirr" {flame, rPois rC+}
105829 | Zot:3    | Found a huge runed translucent gate.
105832 | Zot:3    | Found a huge runed translucent gate.
105833 | Zot:3    | Found a huge runed translucent gate.
105834 | Zot:3    | Found a huge runed translucent gate.
105834 | Zot:3    | Found a huge runed translucent gate.
105834 | Zot:3    | Found a huge runed translucent gate.
105834 | Zot:3    | Found a huge runed translucent gate.
105834 | Zot:3    | Found a huge runed translucent gate.
105835 | Zot:3    | Found a huge runed translucent gate.
106216 | Zot:4    | Identified the amulet of Gaaqakhu {Acrobat Str+3 Slay+3
                  | Stlth+}
106216 | Zot:4    | Noticed a dread lich
106217 | Zot:4    | Identified the +1 cloak of Wariness {Rampage}
106218 | Zot:4    | Identified the +9 falchion of the Battered Leylines {drain,
                  | rF+ rC+ rN+ Str-3}
106310 | Zot:4    | Found a transporter.
106329 | Zot:4    | Found a transporter.
106474 | Zot:4    | Noticed an orb of fire
106480 | Zot:4    | Killed an orb of fire
106508 | Zot:4    | Found a snail-covered altar of Cheibriados.
106609 | Zot:5    | Entered Level 5 of the Realm of Zot
106847 | Zot:5    | Noticed a dread lich
106857 | Zot:5    | Killed a dread lich
107070 | Zot:5    | Noticed a dread lich
107073 | Zot:5    | Killed a dread lich
107342 | Zot:5    | Noticed a dread lich
107345 | Zot:5    | Killed a dread lich
107352 | Zot:5    | Noticed an ancient lich
107357 | Zot:5    | Killed an ancient lich
107374 | Zot:5    | Reached skill level 27 in Spellcasting
107400 | Zot:5    | Noticed an orb of fire
107413 | Zot:5    | Killed an orb of fire
107458 | Zot:5    | Learned a level 9 spell: Fire Storm
107541 | Zot:5    | Noticed an orb of fire
107545 | Zot:5    | Killed an orb of fire
107547 | Zot:5    | Noticed an orb of fire
107550 | Zot:5    | Killed an orb of fire
107673 | Zot:5    | Noticed a dread lich
107713 | Zot:5    | Noticed a dread lich
107716 | Zot:5    | Killed a dread lich
107720 | Zot:5    | Noticed a dread lich
107721 | Zot:5    | Noticed an ancient lich
107724 | Zot:5    | Killed a dread lich
107727 | Zot:5    | Killed an ancient lich
107728 | Zot:5    | Noticed an ancient lich
107748 | Zot:5    | Killed a dread lich
107751 | Zot:5    | Killed an ancient lich
108435 | Zot:4    | Killed a dread lich
108589 | Zot:3    | Killed Plog's ghost
108589 | Zot:3    | Killed Plog's ghost
108589 | Zot:3    | Killed Foeluo's ghost
108590 | Zot:3    | Killed Plog's ghost
108590 | Zot:3    | Killed Foeluo's ghost
108590 | Zot:3    | Killed Olul's ghost
108591 | Zot:3    | Reached skill level 15 in Armour
108591 | Zot:3    | Reached skill level 15 in Fire Magic
108591 | Zot:3    | Reached skill level 27 in Ice Magic
108625 | Zot:3    | Identified the granite talisman of Understanding {rCorr
                  | SInv}
108626 | Zot:3    | Identified the +2 pair of boots of Penle {rF+ Str-4 Int+5}
108694 | Zot:2    | Upgraded the game from 0.32-a0-814-g0968bab to
                  | 0.32-a0-815-g315f82d
109010 | Geh:1    | Entered Level 1 of Gehenna
109013 | Geh:1    | Noticed an ancient lich
109033 | Geh:1    | Killed an ancient lich
109229 | Geh:2    | Reached skill level 15 in Alchemy
109331 | Geh:2    | Reached skill level 10 in Necromancy
109604 | Geh:2    | Noticed an ancient lich
109608 | Geh:2    | Killed an ancient lich
111005 | Geh:7    | Entered Level 7 of Gehenna
111695 | Geh:7    | Found the +13 sceptre of Asmodeus
111695 | Geh:7    | Noticed Asmodeus
111703 | Geh:7    | Killed Asmodeus
112025 | Geh:7    | Got Jifiuck's Cyclopedia of the Snake and the Inferno
112080 | Geh:7    | Got an obsidian rune of Zot
112636 | Zig:1    | Entered Level 1 of a ziggurat
112660 | Zig:2    | Entered Level 2 of a ziggurat
112698 | Zig:2    | Identified the +5 hand axe of Contention {flame, ^Drain
                  | Int+7}
112703 | Zig:3    | Entered Level 3 of a ziggurat
112735 | Zig:4    | Entered Level 4 of a ziggurat
112738 | Zig:4    | Reached skill level 1 in Shapeshifting
112776 | Zig:5    | Entered Level 5 of a ziggurat
112806 | Zig:5    | Identified the +0 robe "Plog" {rC- rCorr Dex+6}
112815 | Zig:5    | Identified the +9 hand cannon "Bimeom" {flame, rC+ Will+}
112820 | Zig:6    | Entered Level 6 of a ziggurat
112840 | Zig:6    | Identified the +2 robe of the Desert {rPois rC- Int+4}
112850 | Zig:6    | Got the Folio of the Gravedigger
112859 | Zig:7    | Entered Level 7 of a ziggurat
112916 | Zig:8    | Entered Level 8 of a ziggurat
113006 | Zig:8    | Identified the staff "Fomud" {^Drain rC+ rN+ Summ Necro
                  | Ice}
113020 | Zig:9    | Entered Level 9 of a ziggurat
113077 | Zig:10   | Entered Level 10 of a ziggurat
113138 | Zig:10   | Found the +8 frozen axe "Frostbite" {freeze, freezing
                  | cloud, *Noise Fly rC+}
113148 | Zig:10   | Identified the ring "Zopn" {rPois Will+}
113160 | Zig:11   | Entered Level 11 of a ziggurat
113239 | Zig:12   | Entered Level 12 of a ziggurat
113252 | Zig:12   | Reached skill level 5 in Shapeshifting
113281 | Zig:12   | Identified the ring of Ymiacy {rCorr MP+9 Dex+6}
113297 | Zig:13   | Entered Level 13 of a ziggurat
113315 | Zig:13   | Noticed a juggernaut
113315 | Zig:13   | Noticed a juggernaut
113316 | Zig:13   | Killed a juggernaut
113316 | Zig:13   | Killed a juggernaut
113316 | Zig:13   | Noticed a juggernaut
113324 | Zig:13   | Killed a juggernaut
113431 | Zig:14   | Entered Level 14 of a ziggurat
113496 | Zig:14   | Identified the +5 war axe of Zouzy {venom, rN+ Dex+5}
113510 | Zig:14   | Identified the +0 swamp dragon scales of Zuilim {rPois
                  | Int+4}
113550 | Zig:15   | Entered Level 15 of a ziggurat
113613 | Zig:15   | Got the Tome of Marshalled Correspondence
113648 | Zig:16   | Entered Level 16 of a ziggurat
113675 | Zig:16   | Gained mutation: You have sharp toenails. [a cacodemon]
113677 | Zig:16   | Noticed Femp the pandemonium lord
113680 | Zig:16   | Killed Femp the pandemonium lord
113754 | Zig:16   | Identified the +0 cloak of Exclusion {rElec rC+ Will+
                  | Str+3}
113790 | Zig:17   | Entered Level 17 of a ziggurat
113843 | Zig:17   | Identified the +1 pair of gloves "Cyheonus" {Regen+}
113844 | Zig:17   | Identified the +0 leather armour of a treasure trove {rN++
                  | Regen+}
113860 | Zig:17   | Identified the +2 dagger of Qaroq {flame, rElec rF+ Dex+3}
113861 | Zig:17   | Identified the ring "Ham Xila" {Ice rN+ Slay+3 Stlth+}
113866 | Zig:17   | Identified the +8 morningstar "Fieqoz" {holy, Fly rElec rN+
                  | Int-2}
113878 | Zig:17   | Identified the +0 shortbow of Sunlight {drain, Will+ Dex+3}
113915 | Zig:18   | Entered Level 18 of a ziggurat
113994 | Zig:18   | Identified the +7 chain mail "Gofimykh" {Regen+ Dex+2
                  | Stlth+}
113995 | Zig:18   | Identified the +1 scale mail of Parlour Games {rC++ Stlth+}
113997 | Zig:18   | Reached skill level 10 in Shapeshifting
113998 | Zig:18   | Identified the +8 great mace of the Vaults {flame, Str+3
                  | Int+2 Dex+2 Stlth+}
114075 | Zig:19   | Entered Level 19 of a ziggurat
114098 | Zig:19   | Noticed a dread lich
114099 | Zig:19   | Noticed an ancient lich
114101 | Zig:19   | Killed a dread lich
114102 | Zig:19   | Killed an ancient lich
114103 | Zig:19   | Noticed an ancient lich
114104 | Zig:19   | Noticed a dread lich
114106 | Zig:19   | Killed an ancient lich
114106 | Zig:19   | Killed a dread lich
114107 | Zig:19   | Noticed a dread lich
114108 | Zig:19   | Killed a dread lich
114109 | Zig:19   | Noticed an ancient lich
114112 | Zig:19   | Killed an ancient lich
114141 | Zig:19   | Found the +5 scythe "Finisher" {speed, execute}
114154 | Zig:19   | Identified the staff "Yregak" {^Drain Conj Summ Air
                  | Alchemy}
114157 | Zig:19   | Identified the ring "Zyibi" {rElec rF++ rC+ rCorr Str-2}
114160 | Zig:19   | Identified the +7 plate armour of Keahi {-Tele rPois rCorr
                  | Dex+2}
114161 | Zig:19   | Identified the +0 pair of boots "Zynedun" {Will+ MP+9}
114178 | Zig:19   | Identified the +7 hand axe of Peace {flame, rElec rC+ Int-3
                  | Dex+3}
114207 | Zig:20   | Entered Level 20 of a ziggurat
114217 | Zig:20   | Noticed an ancient lich
114219 | Zig:20   | Killed an ancient lich
114219 | Zig:20   | Noticed an ancient lich
114219 | Zig:20   | Noticed an ancient lich
114219 | Zig:20   | Noticed a dread lich
114220 | Zig:20   | Noticed a dread lich
114221 | Zig:20   | Killed a dread lich
114221 | Zig:20   | Killed an ancient lich
114222 | Zig:20   | Killed an ancient lich
114223 | Zig:20   | Killed a dread lich
114223 | Zig:20   | Noticed a dread lich
114225 | Zig:20   | Killed a dread lich
114229 | Zig:20   | Noticed an ancient lich
114231 | Zig:20   | Killed an ancient lich
114231 | Zig:20   | Noticed an ancient lich
114234 | Zig:20   | Killed an ancient lich
114296 | Zig:20   | Identified the +8 arbalest of Coanor {freeze, rElec Will+
                  | Int+2}
114300 | Zig:20   | Identified the staff of Dissatisfaction {Fly rN+ Will++
                  | Necro}
114308 | Zig:20   | Identified the +2 cloak of Hangman {Harm rPois}
114359 | Zig:21   | Entered Level 21 of a ziggurat
114368 | Zig:21   | Noticed a dread lich
114368 | Zig:21   | Noticed an ancient lich
114370 | Zig:21   | Killed an ancient lich
114370 | Zig:21   | Killed a dread lich
114370 | Zig:21   | Noticed a dread lich
114372 | Zig:21   | Killed a dread lich
114372 | Zig:21   | Noticed a dread lich
114374 | Zig:21   | Killed a dread lich
114374 | Zig:21   | Noticed a dread lich
114376 | Zig:21   | Killed a dread lich
114377 | Zig:21   | Noticed an ancient lich
114379 | Zig:21   | Killed an ancient lich
114424 | Zig:21   | Identified the ring of Lazxoysa {rPois rC+ Will+}
114427 | Zig:21   | Identified the ring "Loceegub" {rN+ Stlth+}
114486 | Zig:22   | Entered Level 22 of a ziggurat
114496 | Zig:22   | Noticed an ancient lich
114497 | Zig:22   | Noticed a dread lich
114498 | Zig:22   | Noticed an ancient lich
114498 | Zig:22   | Killed an ancient lich
114498 | Zig:22   | Killed a dread lich
114498 | Zig:22   | Killed an ancient lich
114498 | Zig:22   | Noticed a dread lich
114501 | Zig:22   | Killed a dread lich
114605 | Zig:23   | Entered Level 23 of a ziggurat
114679 | Zig:23   | Identified the ring "Olilakhoic" {rPois rCorr Str+2}
114699 | Zig:23   | Identified the +8 trident of Poesh {freeze, Int+5 Dex+3}
114748 | Zig:24   | Entered Level 24 of a ziggurat
114758 | Zig:24   | Noticed a dread lich
114760 | Zig:24   | Noticed an ancient lich
114761 | Zig:24   | Killed a dread lich
114761 | Zig:24   | Noticed an ancient lich
114763 | Zig:24   | Killed an ancient lich
114764 | Zig:24   | Reached skill level 27 in Air Magic
114764 | Zig:24   | Reached skill level 15 in Shapeshifting
114764 | Zig:24   | Killed an ancient lich
114764 | Zig:24   | Noticed a dread lich
114766 | Zig:24   | Killed a dread lich
114767 | Zig:24   | Noticed a dread lich
114768 | Zig:24   | Killed a dread lich
114771 | Zig:24   | Noticed a dread lich
114773 | Zig:24   | Killed a dread lich
114807 | Zig:24   | Identified the amulet of Lebrowar {Reflect rElec rF+ Will+
                  | SH+5}
114810 | Zig:24   | Identified the +5 flail of the Warrior {drain, rF++ Str-4
                  | Stlth+}
114811 | Zig:24   | Identified the +10 chain mail of the Volcano {*Corrode
                  | rElec rPois rF++}
114841 | Zig:24   | Identified the +3 leather armour of Cocytus {Fly rPois
                  | Str+3 Int+2}
114888 | Zig:25   | Entered Level 25 of a ziggurat
115010 | Zig:25   | Identified the +2 ring mail "Viddoirph" {Will+ rCorr}
115016 | Zig:25   | Identified the ring "Focuteus" {Wiz +Blink rN+ Dex+3}
115017 | Zig:25   | Identified the +0 morningstar "Cewoa" {drain, Will+}
115021 | Zig:25   | Reached skill level 27 in Conjurations
115040 | Zig:25   | Identified the staff of Sunlight {rElec rPois Str+2 Int+4
                  | SInv Air}
115080 | Zig:26   | Entered Level 26 of a ziggurat
115172 | Zig:26   | Identified the +0 ring mail of Pawifu {Rampage Will+ Str+2}
115233 | Zig:27   | Entered Level 27 of a ziggurat
115326 | Zig:27   | Found the +8 storm bow {elec, penet}
115364 | Zig:27   | Identified the +4 rapier of Experimentation {spect, Str+2}
115376 | Zig:27   | Identified the ring "Moakas" {Fire Will- Str-3 Dex+6
                  | Stlth+}
115386 | Zig:27   | Identified the +5 shortbow of Ric Miase {antimagic, rElec
                  | Dex+4 Stlth+}
115388 | Zig:27   | Got the Compilation of Nightshade
115392 | Zig:27   | Identified the +1 robe of Boredom {rPois Archmagi}
115395 | Zig:27   | Identified the staff "Zizun" {+Blink rN+ rCorr Conj Necro
                  | Alchemy}
115400 | Zig:27   | Identified the +0 chain mail of Reesyaca {rPois rN+}
115401 | Zig:27   | Identified the +1 ring mail "Ceuskoza" {Dex+4}
115449 | Zig:27   | Upgraded the game from 0.32-a0-815-g315f82d to
                  | 0.32-a0-816-g4c8b870
115813 | Snake:2  | Bought a Necronomicon for 756 gold pieces
116216 | Coc:1    | Entered Level 1 of Cocytus
116614 | Coc:3    | Reached skill level 27 in Fighting
117211 | Coc:5    | You fall into a shaft and drop 1 floor!
117336 | Coc:6    | Reached skill level 27 in Fire Magic
117491 | Coc:7    | Entered Level 7 of Cocytus
117721 | Coc:7    | Noticed Antaeus
117724 | Coc:7    | Killed Antaeus
117750 | Coc:7    | Got an icy rune of Zot
117991 | Coc:7    | Found the -2 hat of the Alchemist {rElec rPois rF+ rC+ rN+
                  | Will+ rMut rCorr}
118006 | Coc:7    | Identified the +2 mace of Turmoil {speed, rPois Str+2}
118320 | Tar:1    | Entered Level 1 of Tartarus
119371 | Tar:5    | Reached skill level 15 in Necromancy
119832 | Tar:7    | Entered Level 7 of Tartarus
121127 | Tar:7    | Found the +8 Wrath of Trog {antimagic, *Rage Rampage}
121130 | Tar:7    | Identified the staff of Due Proportion {rPois Will+ Dex-5
                  | Stlth+ Conj Alchemy}
121259 | Tar:7    | Got Vumn's Discourse on the Inflammable Voyage
121812 | Tar:7    | Noticed a dread lich
121814 | Tar:7    | Killed a dread lich
121834 | Tar:7    | Noticed Ereshkigal
122067 | Tar:7    | Killed Ereshkigal
122085 | Tar:7    | Found the +2 Maxwell's thermic engine {flame, freeze, rev}
122090 | Tar:7    | Got a bone rune of Zot
122092 | Tar:7    | Identified the +10 short sword of Esilion {elec, *Slow
                  | rPois rN+++ rCorr}
122134 | Tar:7    | Learned a level 9 spell: Death's Door
122479 | Pan      | Entered Pandemonium
122670 | Pan      | Noticed Kipt the pandemonium lord
122672 | Pan      | Killed Kipt the pandemonium lord
122718 | Pan      | Got a demonic rune of Zot
123742 | Pan      | Noticed Xalaocul the pandemonium lord
123833 | Pan      | Found an exit through the horrors of the Abyss.
123986 | Pan      | Killed Xalaocul the pandemonium lord
124123 | Pan      | Identified the +0 halberd of Maroid {freeze, Will- Int+7}
124127 | Pan      | Reached skill level 10 in Evocations
124670 | Pan      | Noticed Ynurismo the pandemonium lord
124674 | Pan      | Killed Ynurismo the pandemonium lord
125123 | Pan      | Found an exit through the horrors of the Abyss.
125454 | Pan      | Found an exit through the horrors of the Abyss.
125509 | Pan      | Identified the +0 ring mail of Xeagutoy {rF+ rC+ rN+ SInv}
125717 | Pan      | Noticed Reva Ten the pandemonium lord
125721 | Pan      | Killed Reva Ten the pandemonium lord
125793 | Pan      | Found a basalt altar of Yredelemnul.
127887 | Pan      | Noticed Gent the pandemonium lord
127889 | Pan      | Killed Gent the pandemonium lord
128078 | Pan      | Found an exit through the horrors of the Abyss.
129105 | Pan      | Noticed Eleffes the pandemonium lord
129109 | Pan      | Killed Eleffes the pandemonium lord
129160 | Pan      | Noticed Mennas
129169 | Pan      | Killed Mennas
129257 | Pan      | Found an exit through the horrors of the Abyss.
131060 | Pan      | Noticed Ixtyat the pandemonium lord
131063 | Pan      | Killed Ixtyat the pandemonium lord
131242 | Pan      | Found a runed translucent door.
131389 | Pan      | Found an exit through the horrors of the Abyss.
131405 | Pan      | Noticed Pemoati the pandemonium lord
131413 | Pan      | Killed Pemoati the pandemonium lord
131635 | Pan      | Identified the +2 rapier of Heatsux {heavy, Int+6}
131885 | Pan      | Identified the +0 pair of boots of Joy {rPois rF- Will+++}
132408 | Pan      | Noticed Jaalel the pandemonium lord
132417 | Pan      | Killed Jaalel the pandemonium lord
133006 | Pan      | Gained mutation: Your magical capacity is low. (-10% MP) [a
                  | cacodemon]
133161 | Depths:2 | Escaped Pandemonium
133187 | Pan      | Entered Pandemonium
133223 | Pan      | Noticed Voenladd the pandemonium lord
133231 | Pan      | Killed Voenladd the pandemonium lord
133233 | Pan      | Reached skill level 15 in Evocations
133245 | Pan      | Gained mutation: Armour fits poorly on your strangely
                  | shaped body. [a cacodemon]
133808 | Pan      | Found an exit through the horrors of the Abyss.
134176 | Pan      | Gained mutation: You are dopey. (Int -2) [a cacodemon]
134184 | Pan      | Noticed Lybomoun the pandemonium lord
134190 | Pan      | Killed Lybomoun the pandemonium lord
134720 | Pan      | Noticed Bittad the pandemonium lord
134723 | Pan      | Killed Bittad the pandemonium lord
135018 | Pan      | Identified the ring of Attitude {Str+5 Int+6}
135088 | Pan      | Found an exit through the horrors of the Abyss.
135910 | Pan      | Entered the realm of Lom Lobon.
136741 | Pan      | Noticed Lom Lobon
136744 | Pan      | Killed Lom Lobon
136808 | Pan      | Got a magical rune of Zot
137314 | Pan      | Found an exit through the horrors of the Abyss.
137833 | Pan      | Noticed Ureruhitz the pandemonium lord
137836 | Pan      | Killed Ureruhitz the pandemonium lord
138384 | Depths:2 | Escaped Pandemonium
138391 | Pan      | Entered the realm of Cerebov.
138391 | Pan      | Entered Pandemonium
138671 | Pan      | Found the +6 sword of Cerebov {flame}
138671 | Pan      | Noticed Cerebov
138675 | Pan      | Killed Cerebov
138706 | Pan      | Got a fiery rune of Zot
138746 | Pan      | Identified the +6 dagger "Mesadgh" {antimagic, Int+5}
138769 | Pan      | Identified the amulet "Ginoix" {Acrobat Str+7 Slay-2}
138829 | Pan      | Identified the staff "Hell-Harrower" {rPois rF+ rN++ Str-2
                  | Fire}
139379 | Pan      | Entered the realm of Gloorx Vloq.
139479 | Pan      | Identified the blade talisman "Askits" {rElec Dex+3}
139972 | Pan      | Noticed Gloorx Vloq
139976 | Pan      | Killed Gloorx Vloq
140044 | Pan      | Got a dark rune of Zot
140253 | Pan      | Identified the death talisman of Past Mistakes {Will+ rCorr
                  | Int+3 SInv}
140502 | Pan      | Entered the realm of Mnoleg.
140800 | Pan      | Noticed Mnoleg
140803 | Pan      | Killed Mnoleg
141181 | Pan      | Got a glowing rune of Zot
142016 | Pan      | Noticed Aloanof the pandemonium lord
142023 | Pan      | Killed Aloanof the pandemonium lord
142329 | Pan      | Found a sparkling altar of Nemelex Xobeh.
142631 | Pan      | Identified the ring "Kouzuunt" {^Contam rF++ rCorr Int+6
                  | Stlth+}
142635 | Pan      | Identified the ring "Puussoarph" {+Blink rN+ rCorr Int+6}
143221 | Pan      | Noticed Faofuci the pandemonium lord
143223 | Pan      | Killed Faofuci the pandemonium lord
143677 | Pan      | Identified the +0 leather armour of Rotation {Str+3 Int+6
                  | Stlth-}
143687 | Pan      | Lost mutation: You have sharp toenails. [potion of
                  | mutation]
143687 | Pan      | Lost mutation: Your magical capacity is low. (-10% MP)
                  | [potion of mutation]
143687 | Pan      | Lost mutation: Armour fits poorly on your strangely shaped
                  | body. [potion of mutation]
143687 | Pan      | Gained mutation: You are strong-willed. (Will+) [potion of
                  | mutation]
143687 | Pan      | Gained mutation: You expend magic power (3 MP) to
                  | strengthen your wands. [potion of mutation]
143825 | Pan      | Found an exit through the horrors of the Abyss.
143858 | Pan      | Found a runed translucent door.
144292 | Pan      | Noticed Onac the pandemonium lord
144295 | Pan      | Killed Onac the pandemonium lord
144352 | Pan      | Found an exit through the horrors of the Abyss.
144712 | Pan      | Noticed Hasydgh the pandemonium lord
144718 | Pan      | Killed Hasydgh the pandemonium lord
145232 | Pan      | Found an exit through the horrors of the Abyss.
145323 | Pan      | Found a transporter.
145581 | Pan      | Found a transporter.
145849 | Pan      | Identified the ring of Kewkuff {rF+ Slay+4}
145872 | Pan      | Identified the staff of Unpleasantness {rElec Dex+5 Air}
145893 | Pan      | Identified the amulet "Rees" {Acrobat Int+5}
145977 | Pan      | Noticed Ujiatos the pandemonium lord
145988 | Pan      | Killed Ujiatos the pandemonium lord
146223 | Pan      | Found an exit through the horrors of the Abyss.
147096 | Depths:2 | Escaped Pandemonium
147317 | Dis:1    | Entered Level 1 of the Iron City of Dis
147342 | Dis:1    | Learned a level 5 spell: Lee's Rapid Deconstruction
147453 | Dis:2    | Reached skill level 1 in Earth Magic
147972 | Dis:3    | Reached skill level 27 in Necromancy
148085 | Dis:4    | Reached skill level 5 in Earth Magic
148612 | Dis:7    | Entered Level 7 of the Iron City of Dis
149547 | Dis:7    | Found the +8 whip "Snakebite" {venom, curare, rPois}
149584 | Dis:7    | Noticed the Serpent of Hell
149588 | Dis:7    | Killed the Serpent of Hell
149589 | Dis:7    | Reached skill level 10 in Earth Magic
149739 | Dis:7    | Noticed Dispater
149831 | Dis:7    | Killed Dispater
149987 | Dis:7    | Identified the +11 glaive of Keelayll {flame, Will+}
150005 | Dis:7    | Identified the ring "Gielocag" {rPois rF+}
150033 | Dis:7    | Found the +10 zealot's sword {holy, Zealotry, *Rage rN+
                  | EV+3}
150048 | Dis:7    | Found the +8 Vampire's Tooth {megavamp}
150052 | Dis:7    | Identified the +1 ring mail of Least Resistance {rElec
                  | Dex+5}
150055 | Dis:7    | Identified the +6 great sword "Vufy" {drain, rF+}
150165 | Dis:7    | Got the Compilation of Hurtful Arson
150168 | Dis:7    | Got an iron rune of Zot
150171 | Dis:7    | Identified the orb "Cisuz" {guile, rC+ Tloc}
150804 | Tomb:1   | Noticed a royal mummy
150806 | Tomb:1   | Killed a royal mummy
151994 | Tomb:2   | Noticed a royal mummy
151994 | Tomb:2   | Noticed a royal mummy
151994 | Tomb:2   | Noticed a royal mummy
151995 | Tomb:2   | Noticed a royal mummy
152000 | Tomb:2   | Killed a royal mummy
152001 | Tomb:2   | Reached skill level 27 in Alchemy
152001 | Tomb:2   | Killed a royal mummy
152003 | Tomb:2   | Killed a royal mummy
152004 | Tomb:2   | Killed a royal mummy
152041 | Tomb:2   | Identified the +3 robe of the Hidden Vale {rCorr Str+4}
152041 | Tomb:2   | Noticed Boris
152045 | Tomb:2   | Killed Boris
152046 | Tomb:2   | Reached skill level 27 in Dodging
152445 | Tomb:1   | Noticed a royal mummy
152445 | Tomb:1   | Noticed a royal mummy
152445 | Tomb:1   | Noticed a royal mummy
152447 | Tomb:1   | Killed a royal mummy
152447 | Tomb:1   | Noticed a royal mummy
152448 | Tomb:1   | Killed a royal mummy
152449 | Tomb:1   | Killed a royal mummy
152451 | Tomb:1   | Killed a royal mummy
152458 | Tomb:1   | Noticed a royal mummy
152461 | Tomb:1   | Killed a royal mummy
152478 | Tomb:1   | Noticed a royal mummy
152481 | Tomb:1   | Killed a royal mummy
152528 | Tomb:1   | Noticed a royal mummy
152531 | Tomb:1   | Killed a royal mummy
152558 | Tomb:1   | Noticed a royal mummy
152562 | Tomb:1   | Killed a royal mummy
152603 | Tomb:1   | Noticed a royal mummy
152606 | Tomb:1   | Killed a royal mummy
152638 | Tomb:1   | Noticed a royal mummy
152641 | Tomb:1   | Killed a royal mummy
152655 | Tomb:1   | Noticed a royal mummy
152658 | Tomb:1   | Noticed a royal mummy
152660 | Tomb:1   | Killed a royal mummy
152694 | Tomb:1   | Killed a royal mummy
152758 | Tomb:1   | Noticed a royal mummy
152760 | Tomb:1   | Killed a royal mummy
152770 | Tomb:1   | Noticed a royal mummy
152774 | Tomb:1   | Killed a royal mummy
152792 | Tomb:1   | Noticed a royal mummy
152796 | Tomb:1   | Killed a royal mummy
153056 | Tomb:3   | Entered Level 3 of the Tomb of the Ancients
153090 | Tomb:3   | Noticed a royal mummy
153091 | Tomb:3   | Noticed a royal mummy
153092 | Tomb:3   | Killed a royal mummy
153150 | Tomb:3   | Noticed a royal mummy
153152 | Tomb:3   | Killed a royal mummy
153154 | Tomb:3   | Noticed a royal mummy
153156 | Tomb:3   | Killed a royal mummy
153161 | Tomb:3   | Noticed a royal mummy
153162 | Tomb:3   | Noticed Khufu
153163 | Tomb:3   | Noticed a royal mummy
153164 | Tomb:3   | Killed a royal mummy
153165 | Tomb:3   | Killed Khufu
153166 | Tomb:3   | Killed a royal mummy
153166 | Tomb:3   | Noticed a royal mummy
153170 | Tomb:3   | Killed a royal mummy
153171 | Tomb:3   | Killed a royal mummy
153191 | Tomb:3   | Noticed a royal mummy
153193 | Tomb:3   | Killed a royal mummy
153287 | Tomb:3   | Got a golden rune of Zot
153319 | Tomb:3   | Identified the +9 long sword of Valour {drain, rElec rC++
                  | Will- Stlth+}
153320 | Tomb:3   | Identified the +0 pearl dragon scales "Gesuomp" {*Corrode
                  | rElec rC+ rN+ Str+2}
153359 | Tomb:3   | Identified the flux talisman of Spring Thaw {Str-3 Int+5}
153380 | Tomb:3   | Identified the +7 great sword of Okauplumax {venom, *Noise
                  | rF+ rC+ Str+5}
153381 | Tomb:3   | Identified the +5 chain mail of Cicril {rN+ Dex+2}
153383 | Tomb:3   | Identified the +0 plate armour of the Land of Plenty {rN++
                  | rCorr Str+3}
153391 | Tomb:3   | Identified the +2 hand axe of Moenuos {speed, rPois}
153398 | Tomb:3   | Identified the ring of Xom's Recklessness {rN+ Int+3}
153414 | Tomb:3   | Identified the amulet of the Moon {rElec RegenMP+ Int+4}
153472 | Tomb:2   | Lost mutation: You are strong-willed. (Will+) [potion of
                  | mutation]
153472 | Tomb:2   | Lost mutation: You expend magic power (3 MP) to strengthen
                  | your wands. [potion of mutation]
153472 | Tomb:2   | Lost mutation: You sometimes lose your temper in combat.
                  | [potion of mutation]
153472 | Tomb:2   | Gained mutation: You have a pair of small antennae on your
                  | head. [potion of mutation]
153472 | Tomb:2   | Gained mutation: You have a pair of antennae on your head.
                  | [potion of mutation]
153473 | Tomb:2   | Lost mutation: You are dopey. (Int -2) [potion of mutation]
153473 | Tomb:2   | Lost mutation: You have a pair of antennae on your head.
                  | [potion of mutation]
153473 | Tomb:2   | Lost mutation: You have a pair of small antennae on your
                  | head. [potion of mutation]
153473 | Tomb:2   | Gained mutation: You have supernaturally acute eyesight.
                  | (SInv) [potion of mutation]
153473 | Tomb:2   | Gained mutation: You are robust. (+10% HP) [potion of
                  | mutation]
154119 | Zot:2    | Killed Bisin's ghost
154371 | Zot:5    | Got the Orb of Zot
154599 | Depths:2 | Noticed Ujoydad the pandemonium lord
154600 | Depths:2 | Killed Ujoydad the pandemonium lord
154713 | D:12     | Noticed Nigorheg the pandemonium lord
154716 | D:12     | Killed Nigorheg the pandemonium lord
154736 | D:12     | Noticed Ihe Elo the pandemonium lord
154737 | D:12     | Killed Ihe Elo the pandemonium lord
154768 | D:11     | Noticed Leuddiyl the pandemonium lord
154771 | D:11     | Killed Leuddiyl the pandemonium lord
154908 | D:3      | Noticed Qofor the pandemonium lord
154933 | D:$      | Escaped with the Orb!

Illustrated notes

Levels and vault maps discovered:
D:1:      lemuel_arrival_behind_the_door_small, layout_loops_ring,
          hellmonk_ecumenical_altar_leap_of_faith
D:2:      layout_basic
D:3:      layout_basic, mainiacjoe_overflow_alcove_4,
          nzn_hepliaklqana_mist_gate, minmay_ogre_servants
D:4:      layout_cave_pools, nemelex_diamond_rough_becter,
          nicolae_dithmenos_shadow_blocks, minmay_temple_entry_fiery,
          nicolae_shop_self_help, uniq_natasha
D:5:      layout_cave_pools, mainiacjoe_overflow_catwalk_spiral,
          gammafunk_ghost_stat_death, uniq_blork_the_orc
D:6:      layout_basic, serial_shops, shop, hellmonk_ghost_happy_afterlife,
          blue_anna_alchemist, st_stairs_5, hangedman_decor_diamond_cutter
D:7:      layout_loops_ring, uniq_crazy_yiuf_cottage, uniq_jeremiah, uniq_pikel
D:8:      layout_basic, grunt_lair_entry_orc_guard_hut
D:9:      layout_cave_pools, serial_park, serial_park_square3
          [serial_park_minivault_5x5_1], serial_park_paths
          [serial_park_minivault_5x5_3], serial_park_tiny_1, serial_park_square3
          [serial_park_minivault_5x5_5], serial_park_tiny_2,
          minmay_chambers_of_fives
D:10:     layout_rooms, serial_shops, shop, corner_web_ring, minivault_27,
          hangedman_fish_farm
D:11:     lemuel_castle_with_subvaults [lemuel_castle_interior_original],
          layout_irregular_city, serial_shops, nicolae_shop_gaudy_bauble
D:12:     layout_roguey, minmay_orc_entry_temple_small, minmay_statue_bubble,
          uniq_nergalle, uniq_snorg
D:13:     layout_loops_cross, minivault_11
D:14:     layout_loops_corners, david_vaults_4, solitary_fountain
D:15:     grunt_enter_depths_snipers, layout_gridville, nicolae_eternal_life,
          uniq_rupert
Temple:   nicolae_temple_superstar
Lair:1:   layout_regular_city, basic_altar, grunt_megastairs_2, uniq_gastronok,
          uniq_prince_ribbit2
Lair:2:   beast_lair_carwin_large_4, layout_cave_pods,
          minmay_swamp_entry_reptiles, guppyfry_snake_entry_garden, uniq_harold
Lair:3:   nzn_winding_woodlands_medium [nzn_winding_woodlands_5x5_perimeter,
          nzn_winding_woodlands_5x15_pool,
          nzn_winding_woodlands_5x5_closed_star,
          nzn_winding_woodlands_5x5_default, nzn_winding_woodlands_center_lodge,
          nzn_winding_woodlands_5x5_open_star, nzn_winding_woodlands_hourglass,
          nzn_winding_woodlands_5x15_zeroes, nzn_winding_woodlands_5x5_three],
          layout_chaotic_city
Lair:4:   layout_regular_city, gauntlet_entry_generic,
          gammafunk_ghost_wrathful_warriors
Lair:5:   guppyfry_lair_end_dragon, layout_hall_layers,
          hangedman_lair_in_review, slime_entry_1, serial_bayou,
          serial_bayou_crossing, serial_bayou_lagoon_a, serial_bayou_pond_e,
          serial_bayou_pond_b, serial_bayou_shore_b
Swamp:1:  layout_falls_marsh, evilmike_swamp_ruin_house_5, uniq_kirke
Swamp:2:  layout_basic_swamp, evilmike_swamp_ruin_house_2
Swamp:3:  layout_basic_swamp, evilmike_swamp_ruin_rubble_1
Swamp:4:  swamp, layout_basic_swamp, swamp_pool_1_2
Snake:1:  layout_grid_maze, grunt_ministairs_9,
          nicolae_snake_guarding_the_ruins, minmay_shop_grove,
          serial_bayou_shore_b, serial_bayou_shore_b, nicolae_triple_integral,
          lemuel_fruit_tree
Snake:2:  layout_misc_corridors, minmay_shoptagon
Snake:3:  layout_cave_town
Snake:4:  grunt_snake_rune_serpentine_throne, layout_cave_town,
          gammafunk_ghost_necromancy, nicolae_snake_the_dead_are_slithering
Slime:1:  layout_caves, nicolae_slime_barrier
Slime:2:  cheibrodos_slime_lost_civilization_10, layout_caves
Slime:3:  layout_caves
Slime:4:  layout_caves
Slime:5:  slime_pit_nicolae_inversion
Orc:1:    layout_diamond_mine, serial_shops, nicolae_shop_tiny_real_fake_doors,
          gammafunk_ghost_split, portal_ice_cave_rime, basic_altar,
          nicolae_orc_found_a_spring
Orc:2:    hellmonk_orc_salted, layout_caves, uniq_sonja
Elf:1:    eino_elf_arrival_sip, layout_gridlike, nicolae_elf_shapeshifter_party
Elf:2:    nicolae_elf_blades_crystal_corner, layout_rooms, serial_shops,
          nicolae_stop_n_shop_1
Elf:3:    grunt_elf_hall_branching, layout_rooms
Vaults:1: ontoclasm_vaults_gateway, v_alt_pattern_3,
          vaults_room_grunt_arrival_ludios, nicolae_vaults_sightless_eye,
          hangedman_vaults_restitches, vaults_room_door_hall,
          ontoclasm_vaults_fault, nicolae_vaults_sealed_display,
          nicolae_vaults_six-pack, nicolae_vaults_tetromino_T_1,
          nicolae_vaults_house_3, layout_vaults_ring, serial_shops, shop
Vaults:2: nicolae_vaults_tetromino_L_2, vaults_standard_mumra_enter_the_diamond,
          ontoclasm_vaults_hangar, vaults_standard_mumra_enter_the_diamond,
          nicolae_vaults_closet_pinwheel_1, nicolae_vaults_variable_pillar_hall,
          vaults_dpeg_ring, layout_vaults_big_room, uniq_norris
Vaults:3: infiniplex_enter_wizlab_water, nicolae_vaults_alarming,
          vaults_mumra_bighexcomb, vaults_room_semicircle,
          minmay_crypt_entry_simple_walls, nicolae_vaults_closet_pinwheel_5,
          vaults_standard_mumra_x, v_misc_32, ontoclasm_vaults_ligature,
          nicolae_vaults_three_branches,
          vaults_standard_mumra_enter_the_diamond, vaults_dpeg_diagonal,
          nicolae_vaults_tetromino_T_1, layout_vaults_big_cross
Vaults:4: ebering_ghost_xom, grunt_vaults_bifocal, vaults_room_large_hall,
          nicolae_vaults_ring_of_whatevers, nicolae_vaults_diamond_2,
          ontoclasm_vaults_spin, nicolae_vaults_double_plus_3,
          nicolae_vaults_trapezoid_3, nicolae_vaults_gold_heap,
          nicolae_vaults_specimen_jars, layout_vaults_quadrants, serial_shops,
          nicolae_shop_bloodbath_and_beyond, uniq_boris
Vaults:5
Crypt:1:  layout_regular_city, grunt_megastairs_3,
          grunt_crypt_arrival_guarded_gate, uniq_margery, uniq_jory
Crypt:2:  layout_chaotic_city, fountainhead
Crypt:3:  grunt_crypt_end_deaths_head
Tomb:1
Tomb:2
Tomb:3
Depths:1: layout_forbidden_donut, enter_ziggurat_d, hell_entry,
          minmay_statues_item, nicolae_wu_jian_wuxing_cycle,
          kennysheep_random_hallway
Depths:2: nicolae_fronds_of_death, layout_small_grid, rand_demon_pan_entry_8,
          abyss_entry, hell_entry, fedhas_altar_2, minmay_holes,
          infiniplex_staircase_pool_2, uniq_grunn, uniq_vv
Depths:3: tekkud_shrikecote, layout_basic, minmay_room_of_horrors,
          nicolae_figureground_sparkle, pan_entry, grunt_hell_entry_dis_old,
          beargit_elvish_explorers, infiniplex_staircase_diamond, uniq_frederick
Depths:4: grunt_zot_entry_gee_three, layout_small_grid, hell_entry, abyss_entry,
          serial_shops, nicolae_shop_temple_entry_statues_fountains,
          serial_library_hellmonk_hallway_a, minmay_evil_grid,
          infiniplex_staircase_pool_lava
Hell
Dis:1:    layout_gridville
Dis:2:    nicolae_dis_hell_of_blades
Dis:3:    layout_gridville
Dis:4:    layout_gridville
Dis:5:    layout_gridville
Dis:6:    layout_jigsaw
Dis:7:    iron_city_of_dis [dis_mu, dis_wall_6], layout_gridville
Geh:1:    layout_gehenna_pools_basic
Geh:2:    layout_gehenna_pools_box, evilmike_ambush
          [evilmike_ambush_outer_doors, evilmike_ambush_inner_pond]
Geh:3:    layout_gehenna_pools_triple
Geh:4:    layout_gehenna_pools_basic
Geh:5:    layout_gehenna_pools_triple
Geh:6:    layout_gehenna_pools_box
Geh:7:    geh_grunt_pentagon
Coc:1:    layout_ice_bergs
Coc:2:    nicolae_hells_demon_pit, layout_cocytus_delve
Coc:3:    layout_cocytus_delve
Coc:4:    nicolae_coc_on_the_berg
Coc:5:    layout_cocytus_delve
Coc:6:    layout_ice_bergs
Coc:7:    coc_dpeg
Tar:1:    layout_honeycomb, lemuel_nasty_pond
Tar:2:    layout_catacombs
Tar:3:    layout_grid_maze
Tar:4:    layout_cathedral_of_symmetry
Tar:5:    layout_honeycomb, nicolae_tar_cuneiform_oil,
          nicolae_hells_fiendish_ambush
Tar:6:    layout_honeycomb
Tar:7:    tar_minmay_river
Zot:1:    gammafunk_sealed_arena, layout_cellular_growth,
          regret_index_zotdec_barnacled_simple
Zot:2:    layout_misc_corridors, gammafunk_ghost_abyssal_escape,
          regret_index_zotdec_silver_v_v_orig_slice, grunt_ministairs_11
Zot:3:    layout_misc_corridors, gammafunk_ghost_door_vault
Zot:4:    gammafunk_the_bubble [the_bubble_gammafunk_plus_minus],
          layout_twisted_circle, regret_index_zotdec_serpentine_coiled
Zot:5:    layout_gridlike

Skill      XL: |  1  2  3  4  5  6  7  8  9 10 11 12 13 14 15 16 17 18 19 20 21 22 23 24 25 26 27 |
---------------+----------------------------------------------------------------------------------+-----
Spellcasting   | 3 4 5 6 7 8 11 12 13 14 15 16 17 18 19 20 21 22 23 24 25 27 | 27.0
Conjurations   | 5 6 7 8 11 13 27 | 27.0
Fighting       | 1 4 7 9 11 12 14 15 16 17 18 27 | 27.0
Air Magic      | 6 10 13 16 18 19 20 21 22 27 | 27.0
Ice Magic      | 4 5 6 8 10 13 16 18 19 21 22 23 24 25 27 | 27.0
Shields        | 2 9 13 14 15 | 15.0
Dodging        | 3 10 13 15 27 | 27.0
Evocations     | 1 2 7 8 25 | 25.8
Fire Magic     | 3 27 | 27.0
Armour         | 15 | 15.0
Alchemy        | 27 | 27.0
Necromancy     | 27 | 27.0
Shapeshifting  | 24 | 24.4
Earth Magic    | 10 | 10.7
Stealth        | |  1.7

Action                     |  1- 3 |  4- 6 |  7- 9 | 10-12 | 13-15 | 16-18 | 19-21 | 22-24 | 25-27 || total
---------------------------+-------+-------+-------+-------+-------+-------+-------+-------+-------++-------
  Melee: Mace              |       |       |       |    11 |       |       |       |       |       ||    11
         Staff             |       |       |       |    10 |    34 |     5 |     4 |    19 |    35 ||   107
  Throw: Dart              |       |       |       |     3 |     1 |       |     2 |     2 |     2 ||    10
         Throwing net      |       |       |       |       |     1 |       |       |       |       ||     1
   Cast: Magic Dart        |    69 |    63 |   143 |     4 |       |       |       |       |       ||   279
         Searing Ray       |       |    15 |    63 |    18 |       |       |       |       |       ||    96
         Airstrike         |       |       |       |   276 |   731 |   332 |    62 |    64 |     5 ||  1470
         Swiftness         |       |       |       |     3 |     2 |       |     4 |     2 |    18 ||    29
         Ozocubu's Armour  |       |       |       |     2 |     3 |     2 |     1 |     5 |     4 ||    17
         Maxwell's Capacit |       |       |       |       |    12 |     8 |    11 |    14 |    52 ||    97
         Hailstorm         |       |       |       |       |     8 |       |       |       |       ||     8
         Blink             |       |       |       |       |     1 |       |     1 |     1 |     9 ||    12
         Arcjolt           |       |       |       |       |    45 |    65 |    96 |    45 |   110 ||   361
         Permafrost Erupti |       |       |       |       |    14 |    32 |    26 |    10 |    28 ||   110
         Sublimation of Bl |       |       |       |       |     7 |     9 |     7 |     4 |   175 ||   202
         Ozocubu's Refrige |       |       |       |       |       |   300 |   448 |    73 |   758 ||  1579
         Irradiate         |       |       |       |       |       |     3 |     3 |       |    30 ||    36
         Conjure Ball Ligh |       |       |       |       |       |     3 |       |     4 |     2 ||     9
         Plasma Beam       |       |       |       |       |       |     2 |    14 |   264 |  3855 ||  4135
         Polar Vortex      |       |       |       |       |       |       |       |     2 |    55 ||    57
         Chain Lightning   |       |       |       |       |       |       |       |       |   845 ||   845
         Fire Storm        |       |       |       |       |       |       |       |       |    51 ||    51
         Lee's Rapid Decon |       |       |       |       |       |       |       |       |    47 ||    47
         Death's Door      |       |       |       |       |       |       |       |       |     1 ||     1
Ability: Hop               |     1 |     2 |     9 |    17 |    27 |    21 |    23 |     5 |    97 ||   202
         Evoke Blink       |       |       |       |       |       |       |       |       |     1 ||     1
  Evoke: Wand              |       |     2 |       |    10 |     3 |       |    28 |       |    19 ||    62
         Lightning rod     |       |       |       |       |     2 |       |     1 |       |     2 ||     5
         Tin of tremorston |       |       |       |       |     1 |       |       |       |     8 ||     9
         Sack of spiders   |       |       |       |       |       |     1 |       |       |     1 ||     2
    Use: Potion            |       |       |       |     1 |       |     2 |     2 |     2 |    60 ||    67
         Scroll            |       |       |       |     7 |     9 |    14 |     9 |     3 |    50 ||    92
   Stab: Sleeping          |       |       |       |       |       |     1 |       |       |       ||     1
 Armour: Robe              |     4 |    16 |    75 |    54 |   106 |    22 |    89 |    74 |  1179 ||  1619
         Leather armour    |       |       |     5 |       |       |   132 |    46 |       |       ||   183
         Quicksilver drago |       |       |       |       |       |       |       |       |    50 ||    50
  Dodge: Dodged            |     2 |    23 |    65 |   132 |   112 |    88 |    35 |    45 |   451 ||   953
         Repelled          |       |       |     5 |     3 |     2 |       |       |       |       ||    10
  Block: Other             |       |       |       |       |       |    11 |    17 |       |       ||    28
         Reflection        |       |       |       |       |       |     2 |    17 |    22 |    16 ||    57
         Tower shield      |       |       |       |       |       |       |    56 |   149 |   337 ||   542
         Form:             |       |       |       |       |       |       |       |       |     5 ||     5
         Death             |       |       |       |       |       |       |       |       |     5 ||     5

Table legend: (Time is in decaauts)
 A = Elapsed time spent in this place.
 B = Non-inter-level travel time spent in this place.
 C = Inter-level travel time spent in this place.
 D = Time resting spent in this place.
 E = Time spent auto-exploring this place.
 F = Levels seen in this place.
 G = Mean time per level.
                   A        B        C        D        E       F      G
               +--------+--------+--------+--------+--------+-----+--------+
         Total | 171198 | 146774 |  24424 |  36599 |  87947 | 145 | 1180.7 |
       Dungeon |  25083 |  18665 |   6418 |   3574 |  12673 |  15 | 1672.2 |
        Temple |     22 |      3 |     19 |      0 |      0 |   1 |   22.0 |
          Lair |  13608 |  11811 |   1797 |   4183 |   5875 |   5 | 2721.6 |
         Swamp |   6189 |   5580 |    609 |   1757 |   3388 |   4 | 1547.2 |
     Snake Pit |  10546 |   9511 |   1035 |   3992 |   4719 |   4 | 2636.5 |
    Slime Pits |   6371 |   5617 |    754 |   2383 |   2760 |   5 | 1274.2 |
  Orcish Mines |   2732 |   2088 |    644 |    337 |   1330 |   2 | 1366.0 |
   Elven Halls |   7010 |   5979 |   1031 |   2194 |   3027 |   3 | 2336.7 |
        Vaults |  18074 |  14879 |   3195 |   5810 |   7624 |   5 | 3614.8 |
         Crypt |   8188 |   6691 |   1497 |   3591 |   2412 |   3 | 2729.3 |
          Tomb |   5196 |   4138 |   1058 |    582 |   2764 |   3 | 1732.0 |
        Depths |  12026 |   9409 |   2617 |   4332 |   3910 |   4 | 3006.5 |
          Hell |   1307 |    978 |    329 |    180 |    427 |   1 | 1307.0 |
           Dis |   3309 |   2988 |    321 |    343 |   1978 |   7 |  472.7 |
       Gehenna |   3810 |   3361 |    449 |    591 |   2245 |   7 |  544.3 |
       Cocytus |   2272 |   2153 |    119 |    174 |   1548 |   7 |  324.6 |
      Tartarus |   4533 |   3863 |    670 |    427 |   2773 |   7 |  647.6 |
           Zot |   6556 |   4699 |   1857 |    507 |   3360 |   5 | 1311.2 |
         Abyss |   1105 |   1105 |      0 |     53 |    310 |   3 |  368.3 |
   Pandemonium |  27939 |  27939 |      0 |    745 |  22583 |  24 | 1164.1 |
      Ziggurat |   3157 |   3157 |      0 |     59 |   1644 |  27 |  116.9 |
      Ice Cave |    252 |    252 |      0 |     50 |     96 |   1 |  252.0 |
        Wizlab |   1175 |   1175 |      0 |    564 |    170 |   1 | 1175.0 |
      Gauntlet |    727 |    727 |      0 |    166 |    321 |   1 |  727.0 |
               +--------+--------+--------+--------+--------+-----+--------+

Top non-repeatable levels by time:
 Snake:4: 4497 daAuts
Vaults:4: 4356 daAuts
  Tomb:1: 4035 daAuts
Vaults:3: 3897 daAuts
Depths:2: 3795 daAuts
 Crypt:3: 3753 daAuts
  Lair:2: 3752 daAuts
Vaults:5: 3408 daAuts
Depths:3: 3358 daAuts
Vaults:2: 3330 daAuts
Vaults:1: 3081 daAuts
     D:8: 3078 daAuts
 Crypt:1: 3006 daAuts
  Lair:3: 2986 daAuts
 Snake:3: 2966 daAuts
